 Dungeon Crawl Stone Soup version 0.30-a0-956-gcec3b41aec (webtiles) character file.

Game seed: 18114392558974694685

1176879 iguanaiguana the Cloud Mage (level 27, 0/362 HPs)
             Began as an Armataur Earth Elementalist on Mar 25, 2023.
             Was the Champion of Ashenzari.
             Slain by a bennu (6 damage)
             ... on level 3 of the Tomb of the Ancients on Mar 30, 2023.
             The game lasted 09:23:41 (36919 turns).

iguanaiguana the Cloud Mage (AtEE)                 Turns: 36919, Time: 09:23:42

Health: 0/362      AC: 41    Str: 12    XL:     27
Magic:  11/60      EV: 13    Int: 42    God:    Ashenzari [******]
Gold:   3548       SH:  8    Dex:  9    Spells: 4/74 levels left

rFire   + + .      SeeInvis +    z - staff of fire "Gnostic Annoyance" (curse) {+Blink rElec rF+ rC+ rCorr, Self, Bglg} (curse)
rCold   + + +      Faith    .    Q - +2 buckler of the Bound Negligence {reflect, Alch, Bglg} (curse)
rNeg    + + +      Spirit   .    N - melded +4 moon troll leather armour {Spirit, Regen++ MP+5, Evo, Self} (curse)
rPois   ∞          Reflect  +    b - +2 helmet "I Foresaw This" {SInv, Fort, Cun} (curse)
rElec   +          Roll     +    i - +2 cloak "Enlightened Scepticism" {Will+, Fort, Comp} (curse)
rCorr   +          Clarity  +    u - melded +1 pair of gloves of the Visionary Boredom {Regen+, Alch, Bglg} (curse)
Will    +++..                    r - melded +4 barding "Cursed With Me" {rC+ rN+ Dex+2, Self, Bglg} (curse)
Stlth   ++++++                   x - amulet of the Celestial Disgust {RegenMP rF++ Str-2 Int+3, Comp, Elem} (curse)
HPRegen 1.60/turn                a - ring of Panopticon {rC++ rN+ Int+5 Dex-2, Evo, Elem} (curse)
MPRegen 0.77/turn                d - ring of the Visionary Nihilism {rN+ MP+9 Int+3, Self, Elem} (curse)

@: sluggish, statue-form, marked, slowed, studying Unarmed Combat, very slow
A: slow and powerful, torment resistance 1, boosted hp, large, rugged brown
scales 3, deformed body, armoured tail, roll, long tongue, awkward tongue,
clever 1, mutation resistance 2, regeneration 1, heat vulnerability 1
}: 14/15 runes: decaying, slimy, silver, iron, obsidian, icy, bone, abyssal,
demonic, glowing, magical, fiery, dark, gossamer
a: End Transformation, Renounce Religion, Evoke Blink, Shatter the Chains


You were on level 3 of the Tomb of the Ancients.
You worshipped Ashenzari.
Ashenzari was exalted by your worship.
You were a living statue of rough stone.
You visited 17 branches of the dungeon, and saw 83 of its levels.
You visited Pandemonium 2 times, and saw 13 of its levels.
You visited the Abyss 2 times.
You visited 1 ziggurat, and saw 16 of its levels.
You also visited: Bailey, Gauntlet and Wizlab.

You collected 8692 gold pieces.
You spent 5144 gold pieces at shops.

Inventory:

Hand Weapons
 c - the +9 rapier "Tenixtaas" {chaos, rN+ Will++ Int-3 Stlth+}
   (You found it on level 9 of the Dungeon)

   Int:       It affects your intelligence (-3).
   rN:        It protects you from negative energy.
   Will:      It greatly increases your willpower.
   Stlth:     It makes you more stealthy.
Missiles
 j - 8 curare-tipped darts
 T - 7 throwing nets
 Y - 14 javelins
Armour
 b - the cursed +2 helmet "I Foresaw This" (worn) {SInv, Fort, Cun}
   (You found it in a wizard's laboratory)

   It has a curse which improves the following skills: Fortitude: Armour and
   Shields.
   Cunning:   Dodging and Stealth.
 i - the cursed +2 cloak "Enlightened Scepticism" (worn) {Will+, Fort, Comp}
   (You found it on level 5 of a ziggurat)

   It has a curse which improves the following skills: Fortitude: Armour and
   Shields.
   Companions: Summonings and Necromancy.
 m - a +2 buckler of reflection
 n - a +1 tower shield of reflection
 r - the cursed +4 barding "Cursed With Me" (melded) {rC+ rN+ Dex+2, Self, Bglg}
   (You acquired it on level 3 of the Dungeon)

   Dex:       It affects your dexterity (+2).
   rC:        It protects you from cold.
   rN:        It protects you from negative energy.
   It has a curse which improves the following skills: Introspection: Fighting
   and Spellcasting.
   Beguiling: Conjurations, Hexes and Translocations.
 u - the cursed +1 pair of gloves of the Visionary Boredom (melded) {Regen+, Alch, Bglg}
   (You found it on level 3 of the Elven Halls)

   Regen:     It increases your rate of health regeneration.
   It has a curse which improves the following skills: Alchemy: Poison Magic and
   Transmutations.
   Beguiling: Conjurations, Hexes and Translocations.
 N - the cursed +4 moon troll leather armour (melded) {Spirit, Regen++ MP+5, Evo, Self}
   (You took it off a moon troll in a wizard's laboratory)

   MP:        It affects your magic capacity (+5).
   Regen:     It increases your rate of health regeneration.
   It has a curse which improves the following skills: Evocations: Evocations.
   Introspection: Fighting and Spellcasting.
 Q - the cursed +2 buckler of the Bound Negligence (worn) {reflect, Alch, Bglg}
   (You took it off a tengu warrior on level 2 of the Depths)

   It has a curse which improves the following skills: Alchemy: Poison Magic and
   Transmutations.
   Beguiling: Conjurations, Hexes and Translocations.
Magical Staves
 z - the cursed staff of fire "Gnostic Annoyance" (weapon) {+Blink rElec rF+ rC+ rCorr, Self, Bglg}
   (You found it on level 8 of a ziggurat)

   [staff of fire]

   Base accuracy: +5 Base damage: 5 Base attack delay: 1.2 This weapon's minimum
   attack delay (0.6) is reached at skill level 12.
   rF:        It protects you from fire.
   rC:        It protects you from cold.
   rElec:     It insulates you from electricity.
   +Blink:    It lets you blink.
   rCorr:     It protects you from acid and corrosion.
   It falls into the 'Staves' category.
   It is a one-handed weapon.
   It has a curse which improves the following skills: Introspection: Fighting
   and Spellcasting.
   Beguiling: Conjurations, Hexes and Translocations.
Jewellery
 a - the cursed ring of Panopticon (left fist) {rC++ rN+ Int+5 Dex-2, Evo, Elem}
   (You found it on level 5 of a ziggurat)

   [ring of positive energy]

   Int:       It affects your intelligence (+5).
   Dex:       It affects your dexterity (-2).
   rC:        It greatly protects you from cold.
   rN:        It protects you from negative energy.
   It has a curse which improves the following skills: Evocations: Evocations.
   Elements:  Fire Magic, Ice Magic, Air Magic and Earth Magic.
 d - the cursed ring of the Visionary Nihilism (right fist) {rN+ MP+9 Int+3, Self, Elem}
   (You took it off a vault warden on level 5 of the Vaults)

   [ring of magical power]

   Int:       It affects your intelligence (+3).
   rN:        It protects you from negative energy.
   MP:        It affects your magic capacity (+9).
   It has a curse which improves the following skills: Introspection: Fighting
   and Spellcasting.
   Elements:  Fire Magic, Ice Magic, Air Magic and Earth Magic.
 x - the cursed amulet of the Celestial Disgust (around neck) {RegenMP rF++ Str-2 Int+3, Comp, Elem}
   (You found it on level 3 of the Elven Halls)

   [amulet of magic regeneration]

   It increases your rate of magic regeneration.
   Str:       It affects your strength (-2).
   Int:       It affects your intelligence (+3).
   rF:        It greatly protects you from fire.
   It has a curse which improves the following skills: Companions: Summonings
   and Necromancy.
   Elements:  Fire Magic, Ice Magic, Air Magic and Earth Magic.
Wands
 y - a wand of iceblast (6) {@v2}
 E - a wand of digging (4) {@v3}
 U - a wand of paralysis (21)
Scrolls
 e - 5 scrolls of poison
 f - 2 scrolls of teleportation {@r3}
 k - 4 scrolls of amnesia
 q - 10 scrolls of immolation
 w - 5 scrolls of fog
 C - 2 scrolls of magic mapping {@r5}
 F - a scroll of noise
 G - 11 scrolls of fear
 H - a scroll of summoning
 K - 7 scrolls of vulnerability
Potions
 g - a potion of haste {@q4}
 h - 2 potions of resistance {@q5}
 o - 5 potions of curing {@q1}
 p - 8 potions of mutation
 s - a potion of might {@q3}
 A - 6 potions of flight
 D - 4 potions of cancellation
 L - 7 potions of lignification
 S - 2 potions of brilliance
Miscellaneous
 l - a phial of floods
 t - a condenser vane
 B - a box of beasts
 R - a tin of tremorstones (2/2)
 W - a phantom mirror
 X - a lightning rod (4/4)


   Skills:
 - Level 21.0(24.2) Fighting
 - Level 3.9(5.0) Axes
 - Level 4.5(5.3) Polearms
 - Level 4.0 Throwing
 - Level 16.5(20.0) Armour
 - Level 11.5(14.0) Dodging
 - Level 15.6(18.0) Stealth
 - Level 8.8(12.4) Shields
 - Level 20.8(24.0) Spellcasting
 - Level 20.9(24.1) Conjurations
 - Level 15.0(18.5) Summonings
 - Level 8.1(11.7) Necromancy
 - Level 12.3(15.8) Translocations
 - Level 11.0(13.4) Transmutations
 + Level 20.6(25.0) Fire Magic
 - Level 22.7(27) Air Magic
 - Level 10.8(15.5) Earth Magic
 - Level 10.5(13.0) Evocations


You had 4 spell levels left.
You knew the following spells:

 Your Spells              Type           Power      Damage    Failure   Level
a - Lehudib's Crystal Sp  Conj/Erth      60%        10d14     1%          8
b - Spellforged Servitor  Conj/Summ      62%        N/A       1%          7
c - Passage of Golubria   Tloc           100%       N/A       0%          4
d - Ignition              Fire           78%        3d20      1%          8
e - Dispel Undead         Necr           99%        3d31      1%          4
f - Sublimation of Blood  Necr           99%        N/A       0%          2
g - Disjunction           Tloc           55%        N/A       4%          8
h - Swiftness             Air            100%       N/A       0%          3
i - Chain Lightning       Conj/Air       66%        3d88      1%          9
j - Statue Form           Tmut/Erth      71%        N/A       1%          6
k - Iron Shot             Conj/Erth      60%        9d11      1%          6
v - Blink                 Tloc           100%       N/A       0%          2
x - Passwall              Tmut/Erth      89%        N/A       0%          2
z - Apportation           Tloc           100%       N/A       0%          1

Your spell library contained the following spells:

 Spells                   Type           Power      Damage    Failure   Level
 Beastly Appendage        Tmut           100%       N/A       0%          1
 Foxfire                  Conj/Fire      100%       2x1d6     0%          1
 Kiss of Death            Conj/Necr      100%       2d13      0%          1
 Magic Dart               Conj           100%       1d8       0%          1
 Necrotise                Necr           100%       1d9       0%          1
 Sandblast                Erth           100%       2d20      0%          1
 Shock                    Conj/Air       100%       1d9       0%          1
 Summon Small Mammal      Summ           100%       N/A       0%          1
 Call Imp                 Summ           100%       N/A       0%          2
 Cigotuvi's Dreadful Rot  Necr/Pois/Air  100%       N/A       0%          2
 Lesser Beckoning         Tloc           100%       N/A       0%          2
 Momentum Strike          Conj/Tloc      100%       3d10      0%          2
 Poisonous Vapours        Pois/Air       100%       N/A       0%          2
 Searing Ray              Conj           100%       2d8       0%          2
 Wereblood                Tmut           100%       N/A       0%          2
 Call Canine Familiar     Summ           100%       N/A       0%          3
 Dazzling Flash           Conj/Hex       100%       N/A       0%          3
 Gell's Gravitas          Tloc           100%       N/A       0%          3
 Hailstorm                Conj/Ice       100%       3d20      0%          3
 Ignite Poison            Fire/Tmut/Pois 100%       N/A       0%          3
 Inner Flame              Hex/Fire       100%       N/A       0%          3
 Kindle Blastsparks       Fire/Tloc/Air  100%       2d18      0%          3
 Mephitic Cloud           Conj/Pois/Air  100%       N/A       0%          3
 Stone Arrow              Conj/Erth      100%       3d13      0%          3
 Teleport Other           Tloc           100%       N/A       0%          3
 Airstrike                Air            67%        2d(10-26) 0%          4
 Animate Armour           Summ/Erth      100%       N/A       0%          4
 Flame Wave               Conj/Fire      100%       2d21      0%          4
 Iskenderun's Mystic Bla  Conj/Tloc      100%       2d19      0%          4
 Manifold Assault         Tloc           100%       N/A       0%          4
 Petrify                  Tmut/Erth      100%       N/A       0%          4
 Sticky Flame             Conj/Fire      100%       2d11      0%          4
 Ensorcelled Hibernation  Hex/Ice        100%       N/A       1%          2
 Confusing Touch          Hex            53%        N/A       1%          3
 Frozen Ramparts          Ice            100%       1d16      1%          3
 Ozocubu's Armour         Ice            54%        N/A       1%          3
 Spider Form              Tmut/Pois      83%        N/A       1%          3
 Summon Guardian Golem    Hex/Summ       92%        N/A       1%          3
 Tukima's Dance           Hex            53%        N/A       1%          3
 Anguish                  Hex/Necr       40%        N/A       1%          4
 Fulminant Prism          Conj/Hex       50%        3d23      1%          4
 Ice Form                 Ice/Tmut       83%        N/A       1%          4
 Leda's Liquefaction      Hex/Erth       43%        N/A       1%          4
 Summon Ice Beast         Ice/Summ       92%        N/A       1%          4
 Cause Fear               Hex            26%        N/A       3%          4
 Olgreb's Toxic Radiance  Pois           52%        N/A       3%          4
 Freezing Cloud           Conj/Ice/Air   57%        6-21      0%          5
 Irradiate                Conj/Tmut      59%        3d31      0%          5
 Iskenderun's Battlesphe  Conj           100%       2d15      0%          5
 Summon Forest            Summ/Tloc      57%        N/A       0%          5
 Conjure Ball Lightning   Conj/Air       66%        3x3d25    0%          6
 Starburst                Conj/Fire      78%        6d20      0%          6
 Alistair's Intoxication  Tmut/Pois      55%        N/A       1%          5
 Blade Hands              Tmut           52%        N/A       1%          5
 Lee's Rapid Deconstruct  Erth           55%        3d26*     1%          5
 Summon Mana Viper        Hex/Summ       92%        N/A       1%          5
 Yara's Violent Unravell  Hex/Tmut       41%        3d16      1%          5
 Death Channel            Necr           49%        N/A       1%          6
 Dispersal                Tloc           55%        N/A       1%          6
 Summon Cactus Giant      Summ           58%        N/A       1%          6
 Eringya's Noxious Bog    Tmut/Pois      41%        N/A       3%          6
 Simulacrum               Ice/Necr       40%        N/A       4%          6
 Metabolic Englaciation   Hex/Ice        26%        N/A       9%          5
 Borgnjor's Revivificati  Necr           49%        N/A       22%         8
 Discord                  Hex            26%        N/A       100%        8


Dungeon Overview and Level Annotations

Branches:
Dungeon (15/15) Zot: 25713  Temple (0/1) D:5            Lair (5/5) D:9 Zot: 25132
  Swamp (4/4) Lair:2 Zot: 22499  Spider (4/4) Lair:3 Zot: 22509   Slime (5/5) Lair:5 Zot: 26462
    Orc (2/2) D:10 Zot: 10152     Elf (3/3) Orc:2 Zot: 16180  Vaults (5/5) D:14 Zot: 25223
  Crypt (3/3) Vaults:2 Zot: 17857    Tomb (3/3) Crypt:3 Zot: 16554  Depths (4/4) D:15 Zot: 20671
   Hell (visited)             Dis (7/7) Hell Zot: 26649     Geh (7/7) Hell Zot: 26649
    Coc (7/7) Hell Zot: 26649     Tar (7/7) Hell Zot: 26649     Zot (1/5) Depths:4 Zot: 5498
 Bailey (visited)          WizLab (visited)         Gauntlet (visited)

Altars:
Ashenzari
Dithmenos
Elyvilon
Hepliaklqana
Kikubaaqudgha
Makhleb
Nemelex Xobeh
Okawaru
Qazlal
Trog
Xom
Zin
Jiyva

Shops:
D:15 *   Orc:2 !([?   Vaults:1 ?   Depths:1 :   Depths:3 *

Portals:
Hell: Depths:1 Depths:3
Abyss: Depths:4
Pandemonium: Depths:2
Trove: D:14 (give 9 potions of haste)

Annotations:
Lair:5 exclusion: oklob plant
Slime:5 1 exclusion
Elf:3 Iniera's ghost, adept GrFi
Depths:3 Vv
Dis:4 1 exclusion
Dis:7 Dispater
Geh:7 1 exclusion


Innate Abilities, Weirdness & Mutations

You are a living statue of rough stone.
Your actions are slow, but your melee attacks are powerful.
You are resistant to unholy torment.
Your maximum health is greatly increased.
You are immune to poison.
Your equipment is partially melded.
(You are completely covered in rugged brown scales. (AC +3, +7% HP))
Armour fits poorly on your strangely shaped body.
You have a long armoured tail.
You roll when moving toward enemies. (Rampage)
Your long tongue fully drains potion bottles. (2x potion effects)
Your tongue gives you trouble enunciating. (1.5x scroll delay)
Your mind is acute. (Int +4, Str/Dex -1)
You are somewhat resistant to both further mutation and mutation removal.
Your natural rate of healing is unusually fast.
You are vulnerable to heat. (rF-)


Message History

The bennu is moderately wounded.
The fireball engulfs the royal mummy!!
You destroy the royal mummy!
The emperor scorpion disappears in a puff of smoke! x2
The fireball engulfs the emperor scorpion!
The emperor scorpion is moderately wounded.
The fireball engulfs the bennu.
The bennu completely resists.
The bennu is moderately wounded.
The fireball engulfs the bennu.
The bennu completely resists.
The bennu is moderately wounded.
The fireball engulfs the emperor scorpion!!
The emperor scorpion is moderately wounded.
The fireball engulfs the emperor scorpion!
The emperor scorpion is moderately wounded.
The fireball engulfs the emperor scorpion!!
The emperor scorpion is moderately wounded.
The fireball engulfs the royal mummy!!!
You destroy the royal mummy!
The death scarab disappears in a puff of smoke!
The emperor scorpion disappears in a puff of smoke! x4
The fireball engulfs the bennu.
The bennu completely resists.
The bennu is moderately wounded.
The fireball engulfs the bennu.
The bennu completely resists.
The bennu is moderately wounded.
You feel extremely nervous for a moment...
Pain shoots through your body!!
* * * LOW HITPOINT WARNING * * *
You feel extremely nervous for a moment...
Pain shoots through your body!!
* * * LOW HITPOINT WARNING * * *
The bennu claws you!
* * * LOW HITPOINT WARNING * * *
You feel better.
You slurp down every last drop of the potion of curing {@q1}!
The bennu pecks you!
* * * LOW HITPOINT WARNING * * *
The bennu claws you!
* * * LOW HITPOINT WARNING * * *
The bennu pecks you.
You die...

,, ,, , ,, * *, * ,,,,
, ^ , * , ^ , ,** ,, ,,
, ∆ ** , , , ,, ,, ,, *
,,,, , ###+##* * , ,,,
, ##.^..### ,,,
,,,##.^^....### ...††.
{ ##...z.8....#
††.†M{{{##<....bb...$#*
..{†.{{##..........$$$#
.††.{†##.^........$$$$#
.{.){{##.M........)$)[#
.†{.{{#......§.$§§$$}}#
.†.{{{#z......§$$=["="#
.^†.{{'z§......$}[=[)##
...{sz#..§^..$$$::}s#*


You could see 2 bennus, a mummy priest and a skeletal warrior.

Vanquished Creatures
  Cerebov (Pan)
  Asmodeus (Geh:7)
  the Royal Jelly (Slime:5)
  Ereshkigal (Tar:7)
  2 pandemonium lords
  the Serpent of Hell (Dis:7)
  The ghost of valliere the Warrior, a legendary DjCj of Ashenzari (Zig:14)
  5 dread liches
  3 ancient liches
  Mennas (Pan)
  Mara (Vaults:5)
  4 juggernauts
  Boris (twice) (Vaults:5 Crypt:3)
  28 royal mummies
  the Lernaean hydra (Swamp:4)
  7 shard shrikes
  Xtahua (Depths:3)
  Frederick (Vaults:5)
  A Killer Klown (Zig:16)
  Bai Suzhen (Depths:1)
  3 curse toes
  21 caustic shrikes
  Saint Roka (Elf:3)
  3 golden dragons
  Geryon (Hell)
  Nikola (Spider:1)
  12 bone dragons
  3 profane servitors (Tar:7)
  An electric golem (Zot:1)
  13 Brimstone Fiends
  10 Tzitzimimeh
  14 doom hounds
  5 tentacled monstrosities
  15 hellephants
  12 Ice Fiends
  10 iron giants
  Jorgrun (Elf:2)
  18 Hell Sentinels
  A moon troll (WizLab)
  A deep elf blademaster (Elf:3)
  Grunn (Depths:4)
  6 tainted leviathans
  2 walking earthen tomes
  2 liches
  10 titans
  16 searing wretches
  3 sphinxes
  3 quicksilver dragons
  Frances (D:12)
  23 ancient champions
  Murray (Hell)
  3 acid blobs
  12 Executioners (Pan)
  2 death cobs (Zot:1)
  6 storm dragons
  6 tentacled starspawn
  3 tengu reavers
  The ghost of Wale the Gelid, an adept DrIE of Vehumet (Spider:4)
  The ghost of Daifof the Impaler, an adept MfFi of Hepliaklqana (Spider:4)
  8 shadow dragons
  Kirke (D:14)
  3 revenants
  3 draconian monks
  7 azure jellies (Slime:5)
  A demonspawn warmonger (Pan)
  21 balrugs
  8 quicksilver elementals
  13 vault wardens
  2 deep elf sorcerers (Elf:3)
  A daeva (Pan)
  16 fire giants
  8 iron dragons
  3 rockslimes
  4 narguns
  A deep elf elementalist (Elf:3)
  A draconian stormcaller (Zot:1)
  14 frost giants
  8 curse skulls
  3 draconian scorchers
  8 shard shrike simulacra
  4 orc warlords
  A draconian shifter (Zot:1)
  5 cacodemons
  3 spriggan defenders (Depths:1)
  9 ghost moths
  7 ironbound preservers
  12 reapers
  A demonspawn corrupter (Pan)
  10 very ugly things
  3 broodmothers (Spider:4)
  A juggernaut skeleton (Depths:3)
  4 quicksilver oozes (Slime:5)
  5 draconian annihilators
  An ironbound thunderhulk (Vaults:1)
  27 war gargoyles
  9 stone giants
  18 elemental wellsprings
  14 putrid mouths
  6 deep elf annihilators
  A vampire knight (Depths:3)
  2 deep elf demonologists
  6 bennus
  A spectral titan (Tar:2)
  5 red draconians
  4 black draconians (Zot:1)
  5 demonspawn black suns
  An eleionoma (Swamp:3)
  10 bunyips
  4 lorocyprocas
  10 wendigos
  A minotaur (Gauntlet)
  2 white draconians (Zot:1)
  3 purple draconians (Zot:1)
  A spark wasp (Depths:3)
  6 yellow draconians
  8 ettins
  11 eidola
  5 fire dragons
  12 iron golems
  6 deep elf death magi
  2 jiangshi (Crypt:3)
  A crystal guardian (Vaults:4)
  5 green deaths
  Josephine (Lair:3)
  4 blizzard demons
  4 deep elf high priests
  A great orb of eyes (shapeshifter) (Vaults:5)
  13 mummy priests
  7 yaktaur captains
  The ghost of arthad the Cleaver, a journeyman MiFi of Okawaru (D:12)
  25 vault guards
  4 entropy weavers
  7 great orbs of eyes
  A spriggan zombie (Zig:12)
  2 shambling mangroves
  7 rakshasas
  10 salamander tyrants
  A hell beast (Tomb:1)
  3 peacekeepers
  A spriggan skeleton (Pan)
  4 ghost crabs
  6 ice dragons
  Harold (Orc:1)
  4 ironbound frosthearts
  6 centaur warriors
  20 hydras
  Erica (Orc:1)
  9 caustic shrike simulacra
  4 boulder beetles
  6 catoblepae
  8 alligators
  3 spriggan air magi
  6 stokers
  A death knight (D:14)
  6 juggernaut simulacra
  A merfolk aquamancer (Depths:2)
  A jorogumo (Spider:4)
  8 tengu warriors
  14 hell hogs
  5 deep troll earth magi
  14 death yaks (Lair:5)
  A deep troll shaman (Depths:4)
  95 death scarabs
  2 thrashing horrors (Abyss:4)
  6 dancing weapons (Elf:2)
  10 hell knights
  4 spriggan berserkers
  5 two-headed ogres
  Urug (Orc:1)
  Nergalle (D:11)
  16 sun demons
  Sonja (Orc:1)
  9 soul eaters
  6 vampire magi
  3 orc high priests
  2 deep elf knights
  A spectral dire elephant (Tar:7)
  3 skysharks
  2 sun moths
  9 crystal echidnas
  16 shadow wraiths
  6 iron trolls
  A wretched star (WizLab)
  17 skeletal warriors
  4 death drakes
  8 sixfirhies
  A pharaoh ant (Spider:1)
  2 orange crystal statues
  A sea snake (shapeshifter) (D:13)
  A flayed ghost (Vaults:5)
  5 glowing orange brains
  21 deep trolls
  6 quicksilver dragon simulacra
  8 phantasmal warriors
  A golden dragon skeleton (Crypt:3)
  4 orb spiders
  7 goliath frogs
  8 spriggan druids
  2 spriggan simulacra
  4 wizards
  Lodul (D:14)
  2 starcursed masses (WizLab)
  11 ironbound convokers
  9 orc knights
  2 steelbarb worms (Spider:4)
  10 swamp dragons
  5 deep elf archers
  A steelbarb worm (shapeshifter) (Zig:6)
  9 bog bodies
  4 lindwurms
  7 necromancers
  A spectral wolf spider (Gauntlet)
  8 deep elf zephyrmancers
  An obsidian statue (Zig:10)
  9 cyclopes
  A salamander (Depths:2)
  7 deep elf pyromancers
  4 manticores
  8 orc sorcerers
  A worldbinder (Abyss:4)
  22 ugly things
  5 wolf spiders
  2 frost giant zombies
  6 will-o-the-wisps
  Maurice (Orc:1)
  An ice statue (Zig:10)
  2 moths of wrath (Zot:1)
  18 elephants
  3 titan simulacra
  7 rust devils
  2 black mambas (shapeshifter)
  10 molten gargoyles
  A water nymph (Depths:2)
  14 smoke demons
  10 black mambas
  9 vault sentinels
  10 demonic crawlers
  A spectral centaur (Tar:2)
  An eye of devastation (WizLab)
  A gargoyle (D:12)
  5 orange demons
  2 unseen horrors (D:14)
  A torpor snail (Gauntlet)
  15 hellions
  9 rime drakes
  6 freezing wraiths
  7 cane toads
  A human zombie (Vaults:1)
  An elf skeleton (Vaults:1)
  The ghost of olddryhag the Firebug, a novice DsFE (D:5)
  3 kobold demonologists
  3 iron giant simulacra
  2 dire elephant skeletons
  8 komodo dragons
  A bunyip simulacrum (Coc:1)
  30 yaktaurs
  36 guardian mummies
  3 efreet
  23 tormentors
  2 ice devils (Hell)
  3 catoblepas skeletons (Abyss:4)
  A spectral naga (Tar:3)
  2 anaconda simulacra
  A queen bee (D:10)
  4 red devils (Pan)
  An ancient zyme (Abyss:4)
  8 trolls
  11 hornets
  A troll (shapeshifter) (D:14)
  A bloated husk (Zig:13)
  11 hellwings
  7 tyrant leeches
  9 wind drakes (Pan)
  6 meliai
  10 saltlings (Orc:2)
  4 raiju (Abyss:4)
  An iron dragon simulacrum (Coc:2)
  2 tarantellas
  A harpy skeleton (Tomb:3)
  14 blink frogs
  Prince Ribbit (D:7)
  An ettin zombie (Vaults:1)
  A fire dragon skeleton (Pan)
  5 culicivoras
  2 stone giant simulacra (Coc:3)
  8 flying skulls
  An air elemental (Elf:2)
  4 water elementals
  40 slime creatures
  12 spriggans
  17 ushabtiu
  7 wraiths
  Sigmund (D:5)
  3 jumping spiders
  4 ynoxinuls (Pan)
  4 shadows
  5 dire elephant simulacra
  Eustachio (D:4)
  8 basilisks
  2 steam dragons
  57 yaks
  9 humans (Bailey)
  4 wyverns
  A fire bat (D:14)
  An alligator snapping turtle simulacrum (Coc:3)
  Menkaure (D:7)
  A fire elemental (Elf:2)
  14 neqoxecs (Pan)
  8 redbacks
  5 vampire mosquitoes
  2 chaos spawn (Pan)
  15 harpy simulacra
  12 wargs
  10 swamp worms
  A glowing shapeshifter zombie (Vaults:1)
  2 hydra simulacra
  3 acid dragons
  5 hell hounds
  11 large abominations
  17 water moccasins
  3 small abominations (Abyss:4)
  28 orc warriors
  A black bear (D:6)
  6 swamp drakes
  A boggart (shapeshifter) (Vaults:5)
  2 ettin simulacra
  14 ogres
  16 wolves
  11 centaurs
  An elf simulacrum (Vaults:1)
  3 kobold brigands
  5 earth elementals
  16 bullfrogs
  A gnoll sergeant (D:8)
  6 wights (D:9)
  A scorpion (D:4)
  4 naga simulacra
  A hornet simulacrum (D:15)
  27 killer bees
  3 vampire bats (D:14)
  4 electric eels
  10 howler monkeys
  A human simulacrum (Vaults:4)
  6 jellies
  3 quasits (D:5)
  3 crimson imps (Pan)
  5 hounds
  20 orc priests
  Crazy Yiuf (D:3)
  Terence (D:3)
  3 iguanas
  24 orc wizards
  6 hell rats (Hell)
  42 mummies
  5 gnolls
  6 adders
  2 ufetubi
  8 worms
  A dart slug (D:5)
  80 orcs
  10 bats
  11 endoplasms
  2 giant cockroaches
  8 goblins
  7 hobgoblins
  9 jackals
  13 kobolds
  4 quokkas
  14 ball pythons
  4 frilled lizards
  An orc skeleton (Crypt:3)
  4 rats
  A creeping inferno (Geh:6)
  A fire vortex (Geh:5)
  14 pillars of salt (Orc:2)
  7 starspawn tentacles
2499 creatures vanquished.

Vanquished Creatures (collateral kills)
  Antaeus (Coc:7)
  An ancient lich (Zig:6)
  2 juggernauts
  3 caustic shrikes
  the Enchantress (Depths:1)
  A profane servitor (Tar:1)
  A golden dragon (Depths:3)
  A Brimstone Fiend (Geh:6)
  6 bone dragons
  An Ice Fiend (Coc:1)
  2 hellephants (Geh:6)
  A Hell Sentinel (Dis:7)
  3 quicksilver dragons
  3 tainted leviathans (Tar:7)
  2 searing wretches
  A titan (Coc:1)
  A death cob (Zot:1)
  A deep elf blademaster (Elf:3)
  2 ancient champions (Dis:7)
  A deep elf master archer (Elf:3)
  7 acid blobs
  8 sphinxes
  An Executioner (Pan)
  3 tentacled starspawn (WizLab)
  A storm dragon (Vaults:5)
  2 shadow dragons (Vaults:5)
  3 tengu reavers (Vaults:5)
  A fenstrider witch (Depths:2)
  2 narguns
  Roxanne (D:15)
  5 azure jellies
  4 iron dragons
  A draconian monk (Zig:7)
  4 frost giants
  7 rockslimes
  5 vault wardens
  6 fire giants
  5 deep elf sorcerers (Elf:3)
  3 balrugs
  A quicksilver elemental (Dis:2)
  2 deep elf elementalists (Elf:3)
  4 emperor scorpions (Spider:4)
  A ghoul (Vaults:2)
  A cacodemon (Pan)
  2 orc warlords
  3 broodmothers
  3 draconian annihilators
  2 quicksilver oozes
  3 ironbound preservers
  4 war gargoyles
  6 deep elf demonologists
  20 very ugly things
  2 vampire knights (Depths:3)
  8 stone giants
  2 ironbound thunderhulks
  2 putrid mouths
  A wendigo (Coc:1)
  A dire elephant (Vaults:3)
  4 deep elf annihilators
  A demonspawn black sun (Pan)
  2 eleionomae (Depths:2)
  6 spark wasps
  A black draconian (Zig:7)
  A red draconian (Zot:1)
  A yellow draconian (Depths:4)
  2 blizzard demons (Pan)
  5 iron golems
  5 ettins
  A green death (Pan)
  5 deep elf death magi (Elf:3)
  An eidolon (Tar:7)
  6 fire dragons
  8 yaktaur captains
  A crystal guardian (Vaults:4)
  A merfolk javelineer (Depths:1)
  5 deep elf high priests (Elf:3)
  5 great orbs of eyes
  An entropy weaver (Vaults:1)
  5 ice dragons
  3 salamander tyrants
  2 rakshasas
  Erolcha (Orc:2)
  A jorogumo (Spider:4)
  2 hydras (Swamp:4)
  6 vault guards (Vaults:5)
  A centaur warrior (Vaults:1)
  4 spriggan air magi
  2 boulder beetles
  2 ironbound frosthearts
  A death scarab (Tomb:1)
  2 deep troll earth magi
  4 deep troll shamans
  3 dancing weapons
  An orc high priest (Elf:2)
  4 tengu warriors
  2 vampire magi
  2 hell hogs (Geh:6)
  6 sun demons (Pan)
  A hell knight (Depths:1)
  A spriggan berserker (Depths:4)
  2 soul eaters (Pan)
  A skeletal warrior (Vaults:2)
  4 iron trolls
  2 deep elf knights (Elf:3)
  A shadow wraith (Vaults:5)
  2 pharaoh ants
  5 orb spiders
  A spectral anaconda (Tar:1)
  14 deep trolls
  A spriggan druid (Depths:2)
  A golden dragon zombie (Depths:3)
  3 wizards
  6 swamp dragons (Swamp:4)
  10 glowing orange brains
  7 bog bodies (Swamp:4)
  2 lindwurms (Vaults:2)
  A tengu zombie (Depths:3)
  8 ironbound convokers
  A starcursed mass (WizLab)
  7 deep elf pyromancers
  3 deep elf zephyrmancers
  A lindwurm (shapeshifter) (Vaults:5)
  2 deep elf archers (Elf:3)
  An orc knight (Vaults:5)
  A steelbarb worm (shapeshifter) (Vaults:5)
  6 necromancers
  2 steelbarb worms
  25 ugly things
  11 wolf spiders
  A shining eye (Slime:2)
  A salamander (Depths:2)
  An ice statue (Zig:8)
  6 vault sentinels
  3 water nymphs (Depths:2)
  3 elephants (Lair:2)
  A moth of wrath (Spider:3)
  A smoke demon (Pan)
  2 torpor snails
  8 eyes of devastation
  An orange demon (Pan)
  A storm dragon simulacrum (Coc:1)
  3 demonic crawlers
  A human zombie (Vaults:4)
  A tormentor (Tar:1)
  A dryad (Depths:2)
  14 yaktaurs
  A human skeleton (Vaults:1)
  An efreet (Pan)
  A yaktaur zombie (Vaults:1)
  A catoblepas skeleton (Abyss:4)
  3 guardian mummies (Tomb:1)
  A merfolk (Depths:2)
  3 meliai (Spider:4)
  A wind drake (Pan)
  7 tarantellas
  4 hornets
  5 large abominations
  11 culicivoras
  10 jumping spiders
  2 air elementals (Elf:2)
  6 spriggans
  44 slime creatures
  2 ushabtiu (Tomb:1)
  A wyvern (Lair:2)
  A dire elephant simulacrum (Coc:1)
  2 basilisks (Abyss:4)
  3 water elementals
  5 golden eyes (WizLab)
  An alligator snapping turtle simulacrum (Coc:1)
  3 chaos spawn
  2 neqoxecs (Pan)
  A redback (shapeshifter) (Elf:1)
  10 redbacks
  2 water moccasins
  4 swamp drakes (Swamp:4)
  6 orc warriors
  5 boggarts (Vaults:2)
  2 earth elementals (Abyss:4)
  A human simulacrum (Vaults:4)
  An iron imp (Abyss:4)
  A jelly (Slime:3)
  2 orc priests
  An orc wizard (Elf:3)
  2 mummies (Tomb:1)
  6 orcs
  2 creeping infernos
  6 fire vortices
643 creatures vanquished.

Vanquished Creatures (others)
  A pandemonium lord (Pan)
  A titan (Coc:4)
  A nargun (Coc:6)
  A shambling mangrove (Zig:13)
  A ghost crab (Zig:13)
  A spriggan simulacrum (Coc:2)
  A quicksilver dragon simulacrum (Coc:6)
  2 wizards
  A tormentor (Geh:4)
  A dire elephant simulacrum (Coc:5)
  An ushabti (Tomb:3)
  A redback (Spider:1)
  3 harpy simulacra
  A hydra simulacrum (Coc:2)
  An orc priest (Orc:2)
  2 creeping infernos
  A demonic plant (WizLab)
  7 fire vortices
  10 foxfires
  33 fungi
  6 pillars of salt (Orc:2)
  34 plants
  11 starspawn tentacles
122 creatures vanquished.

Grand Total: 3264 creatures vanquished

Notes
Turn   | Place    | Note
-------+----------+-------------------------------------------
     0 | D:1      | iguanaiguana the Armataur Earth Elementalist began the
                  | quest for the Orb.
     0 | D:1      | Reached XP level 1. HP: 14/14 MP: 3/3
   113 | D:1      | Reached XP level 2. HP: 21/21 MP: 1/4
   205 | D:3      | Found a broken altar of Ashenzari.
   206 | D:3      | Found a hazy altar of Hepliaklqana.
   213 | D:3      | Became a worshipper of Ashenzari the Shackled
   405 | D:1      | Learned a level 2 spell: Passwall
   473 | D:2      | Reached XP level 3. HP: 23/27 MP: 3/5
   846 | D:3      | Learned a level 3 spell: Stone Arrow
   904 | D:3      | Noticed Terence
   911 | D:3      | Gained mutation: You do not regenerate when monsters are
                  | visible. [potion of mutation]
   911 | D:3      | Gained mutation: You are robust. (+10% HP) [potion of
                  | mutation]
   911 | D:3      | Gained mutation: Your magical capacity is low. (-10% MP)
                  | [potion of mutation]
   911 | D:3      | Gained mutation: You have a pair of small horns on your
                  | head. [potion of mutation]
   911 | D:3      | Lost mutation: You are robust. (+10% HP) [potion of
                  | mutation]
   911 | D:3      | Lost mutation: You do not regenerate when monsters are
                  | visible. [potion of mutation]
   911 | D:3      | Gained mutation: You possess an exceptional clarity of
                  | mind. [potion of mutation]
   916 | D:3      | Killed Terence
   917 | D:3      | Reached XP level 4. HP: 35/35 MP: 3/6
   917 | D:3      | Lost mutation: Your magical capacity is low. (-10% MP)
                  | [potion of mutation]
   917 | D:3      | Lost mutation: You have a pair of small horns on your head.
                  | [potion of mutation]
   917 | D:3      | Lost mutation: You possess an exceptional clarity of mind.
                  | [potion of mutation]
   917 | D:3      | Gained mutation: Your skin changes colour to match your
                  | surroundings (Stealth+). [potion of mutation]
   917 | D:3      | Gained mutation: Your body sometimes deteriorates upon
                  | taking damage. [potion of mutation]
   917 | D:3      | Gained mutation: Your mind is acute. (Int +4, Str/Dex -1)
                  | [potion of mutation]
  1129 | D:3      | Found a faded altar of an unknown god.
  1211 | D:3      | Reached * piety under Ashenzari
  1211 | D:3      | Identified 2 scrolls of acquirement
  1212 | D:3      | Acquired the +4 barding "Niuz" {rC+ rN+ Dex+2}
  1334 | D:4      | Reached skill level 1 in Transmutations
  1343 | D:5      | Entered Level 5 of the Dungeon
  1377 | D:4      | Found a glowing silver altar of Zin.
  1488 | D:4      | Noticed Eustachio
  1499 | D:4      | Killed Eustachio
  1500 | D:4      | Reached XP level 5. HP: 29/40 MP: 3/8
  1521 | D:4      | Reached XP level 6. HP: 42/48 MP: 5/9
  1605 | D:4      | Found a shadowy altar of Dithmenos.
  1671 | D:4      | Found a shimmering altar of Xom.
  1675 | D:4      | Found an ancient bone altar of Kikubaaqudgha.
  1678 | D:4      | Found a burning altar of Makhleb.
  1694 | D:4      | Reached ** piety under Ashenzari
  1871 | D:3      | Found a runed translucent door.
  1872 | D:3      | Noticed Crazy Yiuf
  1877 | D:3      | Killed Crazy Yiuf
  2033 | D:5      | Found a sparkling altar of Nemelex Xobeh.
  2098 | D:5      | Noticed Sigmund
  2098 | D:5      | Killed Sigmund
  2099 | D:5      | Reached XP level 7. HP: 53/53 MP: 4/12
  2198 | D:5      | Noticed olddryhag's ghost (novice DsFE)
  2212 | D:5      | Found a transporter.
  2213 | D:5      | Found a staircase to the Ecumenical Temple.
  2321 | D:6      | Found a bloodstained altar of Trog.
  2437 | D:6      | Reached skill level 1 in Fire Magic
  2780 | D:7      | Reached XP level 8. HP: 48/60 MP: 14/14
  2796 | D:7      | Learned a level 4 spell: Flame Wave
  2801 | D:7      | Learned a level 4 spell: Sticky Flame
  2811 | D:7      | Noticed Menkaure
  2835 | D:7      | Killed Menkaure
  2871 | D:7      | Reached skill level 5 in Fire Magic
  2886 | D:7      | Reached skill level 5 in Conjurations
  3055 | D:7      | Reached XP level 9. HP: 66/66 MP: 2/15
  3059 | D:7      | Noticed Prince Ribbit
  3079 | D:7      | Killed Prince Ribbit
  3270 | D:8      | Reached skill level 5 in Spellcasting
  3383 | D:8      | Reached skill level 1 in Fighting
  3429 | D:8      | Reached *** piety under Ashenzari
  3502 | D:8      | Found a stormy altar of Qazlal.
  3591 | D:8      | Noticed a kobold demonologist
  3612 | D:8      | Killed a kobold demonologist
  3894 | D:9      | Reached skill level 5 in Fighting
  3900 | D:9      | Reached XP level 10. HP: 61/92 MP: 2/21
  3999 | D:8      | Reached skill level 1 in Armour
  4099 | D:9      | Found a staircase to the Lair.
  4134 | D:9      | Found a white marble altar of Elyvilon.
  4154 | D:9      | Found an iron altar of Okawaru.
  4321 | D:9      | Identified the +9 rapier "Tenixtaas" {chaos, rN+ Will++
                  | Int-3 Stlth+}
  4403 | D:10     | Entered Level 10 of the Dungeon
  4423 | D:10     | Found a flagged portal.
  4432 | Bailey   | Entered a bailey
  4459 | Bailey   | Reached **** piety under Ashenzari
  4477 | Bailey   | Reached skill level 1 in Evocations
  4557 | Bailey   | Reached skill level 1 in Throwing
  4651 | Bailey   | Noticed a vault guard
  4664 | Bailey   | Killed a vault guard
  4665 | Bailey   | Reached XP level 11. HP: 96/101 MP: 16/22
  4743 | Bailey   | Noticed a vault guard
  4752 | Bailey   | Killed a vault guard
  4849 | D:10     | Reached skill level 5 in Evocations
  4957 | D:10     | Reached skill level 5 in Stealth
  5031 | D:10     | Noticed a two-headed ogre
  5051 | D:10     | Killed a two-headed ogre
  5058 | D:10     | Identified the +0 robe "Iwuv Faa" {rPois rN+ Slay+3}
  5403 | D:5      | Killed olddryhag's ghost
  5409 | D:5      | Found a transporter.
  5605 | D:10     | Noticed a sun demon
  5652 | D:10     | Reached skill level 1 in Axes
  5668 | D:10     | Found a staircase to the Orcish Mines.
  5740 | D:11     | Found the +6 shillelagh "Devastator" {shatter}
  5780 | D:11     | Noticed a wizard
  5784 | D:11     | Noticed an orc sorcerer
  5790 | D:11     | Paralysed by an orc sorcerer for 4 turns
  5794 | D:11     | Killed an orc sorcerer
  5796 | D:11     | Killed a wizard
  5797 | D:11     | Identified the Anthology of Terror
  5868 | D:11     | Learned a level 2 spell: Blink
  5875 | D:11     | Learned a level 6 spell: Iron Shot
  5998 | D:11     | Noticed Nergalle
  6008 | D:11     | Killed Nergalle
  6030 | D:11     | Reached XP level 12. HP: 98/111 MP: 4/24
  6267 | D:12     | Noticed a two-headed ogre
  6285 | D:12     | Killed a two-headed ogre
  6354 | D:12     | Reached skill level 5 in Earth Magic
  6440 | Orc:1    | Entered Level 1 of the Orcish Mines
  6475 | Orc:1    | Noticed an orc warlord
  6647 | D:10     | Killed an orc warlord
  6717 | Orc:1    | Noticed Maurice
  6730 | Orc:1    | Killed Maurice
  6736 | Orc:1    | Noticed Erica
  6836 | Orc:1    | Killed Erica
  6936 | Orc:2    | Entered Level 2 of the Orcish Mines
  7074 | Orc:2    | Found a staircase to the Elven Halls.
  7109 | Orc:2    | Noticed an orc warlord
  7262 | Orc:2    | Killed an orc warlord
  7346 | Orc:2    | Noticed Erolcha
  7433 | Orc:2    | Killed Erolcha
  7485 | Orc:1    | Noticed Sonja
  7486 | Orc:1    | Killed Sonja
  7548 | Orc:2    | Reached XP level 13. HP: 92/118 MP: 13/27
  7583 | Orc:1    | Noticed Urug
  7597 | Orc:1    | Killed Urug
  7657 | Orc:1    | Noticed Harold
  7664 | Orc:1    | Killed Harold
  7918 | Orc:2    | Noticed an orc warlord
  7930 | Orc:2    | Killed an orc warlord
  7940 | Orc:2    | Reached skill level 10 in Spellcasting
  8048 | Orc:2    | Noticed an orc warlord
  8078 | Orc:2    | Killed an orc warlord
  8117 | Orc:2    | Paralysed by an orc sorcerer for 5 turns
  8286 | Orc:2    | Found Elyfav's Distillery.
  8291 | Orc:2    | Bought a potion of invisibility for 88 gold pieces
  8291 | Orc:2    | Bought a potion of haste for 110 gold pieces
  8291 | Orc:2    | Bought a potion of cancellation for 88 gold pieces
  8291 | Orc:2    | Bought a potion of heal wounds for 55 gold pieces
  8291 | Orc:2    | Bought a potion of curing for 33 gold pieces
  8291 | Orc:2    | Bought a potion of heal wounds for 55 gold pieces
  8311 | Orc:2    | Paralysed by an orc sorcerer for 5 turns
  8330 | Orc:2    | Found Gegece's Antique Armour Shop.
  8332 | Orc:2    | Found Wuolaps's Weapon Shop.
  8341 | Orc:2    | Bought a pair of embroidered gloves for 187 gold pieces
  8341 | Orc:2    | Bought a kite shield for 112 gold pieces
  8357 | Orc:2    | Found Qodytrent's Magic Scroll Boutique.
  8366 | Orc:2    | Reached skill level 1 in Translocations
  8367 | Orc:2    | Bought a scroll of blinking for 97 gold pieces
  8367 | Orc:2    | Bought a scroll of teleportation for 39 gold pieces
  8372 | Orc:2    | Reached ***** piety under Ashenzari
  8721 | D:12     | Noticed Frances
  8731 | D:12     | Killed Frances
  8751 | D:12     | Found a runed translucent door.
  8754 | D:12     | Noticed arthad's ghost (journeyman MiFi)
  8990 | D:13     | Reached XP level 14. HP: 102/134 MP: 11/30
  9016 | D:13     | Found a gate leading to a gauntlet.
  9039 | D:13     | Reached skill level 1 in Shields
  9049 | Gauntlet | Entered a Gauntlet
  9049 | Gauntlet | Found a transporter.
  9049 | Gauntlet | Found a transporter.
  9049 | Gauntlet | Found a transporter.
  9050 | Gauntlet | Found a transporter.
  9051 | Gauntlet | Found a transporter.
  9056 | Gauntlet | Found a transporter.
  9063 | Gauntlet | Found a runed translucent door.
  9064 | Gauntlet | Found a runed translucent door.
  9064 | Gauntlet | Identified the +4 sling of Gnashing Extermination {flame,
                  | rN+ Int+5 Dex+3}
  9070 | Gauntlet | Found a transporter.
  9071 | Gauntlet | Found a transporter.
  9073 | Gauntlet | Found a transporter.
  9086 | Gauntlet | Found a transporter.
  9086 | Gauntlet | Found a transporter.
  9119 | Gauntlet | Found a transporter.
  9474 | D:13     | Reached skill level 5 in Shields
  9509 | D:13     | Identified the +6 sling "Earthworm" {heavy, Fly Str+2}
  9588 | D:14     | Noticed Lodul
  9618 | D:14     | Killed Lodul
  9647 | D:14     | Identified the +4 scale mail "Caaxoigi" {rF+}
  9653 | D:14     | Found a gate to the Vaults.
  9653 | D:14     | Noticed an ironbound preserver
  9823 | D:14     | Identified the +0 robe of Fuzzy Knowledge {rN+ Str+3}
  9869 | D:14     | Reached skill level 1 in Polearms
 10060 | D:14     | Found a portal to a secret trove of treasure.
 10200 | D:14     | Killed an ironbound preserver
 10386 | D:15     | Entered Level 15 of the Dungeon
 10452 | D:15     | Identified the +0 halberd of Stickiness {pain, Fly rElec
                  | rPois Dex-2}
 10566 | D:15     | Found a staircase to the Depths.
 10621 | D:15     | Noticed Roxanne
 10636 | D:15     | Killed Roxanne
 10727 | D:15     | Found Lorrups Ifin's Mass Market.
 10744 | D:15     | Noticed Kirke
 10759 | D:14     | Killed Kirke
 10853 | D:15     | Reached XP level 15. HP: 107/143 MP: 32/32
 11133 | Lair:1   | Entered Level 1 of the Lair of Beasts
 11388 | Lair:5   | Entered Level 5 of the Lair of Beasts
 11399 | Lair:5   | Reached skill level 5 in Transmutations
 11454 | Lair:4   | Learned a level 6 spell: Statue Form
 12015 | Lair:5   | Identified the ring "Oxadghay" {rPois Str+6}
 12097 | Lair:5   | Reached skill level 10 in Earth Magic
 12121 | Lair:5   | Found a staircase to the Slime Pits.
 12436 | Lair:3   | Noticed Josephine
 12443 | Lair:3   | Reached XP level 16. HP: 131/156 MP: 22/35
 12446 | Lair:3   | Killed Josephine
 12564 | Lair:2   | Reached skill level 10 in Transmutations
 12685 | Lair:2   | Found a staircase to the Swamp.
 12704 | Swamp:1  | Entered Level 1 of the Swamp
 12751 | Swamp:1  | Upgraded the game from 0.30-a0-939-gc8157cb160 to
                  | 0.30-a0-948-g4fa250aae5
 12789 | Swamp:1  | Identified the cursed +2 pair of gloves of the Restrained
                  | Sophism {Fort, Bglg} (You found it on level 4 of the
                  | Dungeon)
 12789 | Swamp:1  | Identified the cursed +4 troll leather armour of the Ruined
                  | Empyrean {Regen+, Evo, Elem} (You found it on level 10 of
                  | the Dungeon)
 12891 | Swamp:2  | Acquired a staff of earth
 12944 | Swamp:2  | Reached skill level 1 in Summonings
 13156 | Swamp:3  | Reached skill level 5 in Summonings
 13300 | Swamp:4  | Entered Level 4 of the Swamp
 13416 | Swamp:4  | Noticed a tentacled monstrosity
 13423 | Swamp:4  | Killed a tentacled monstrosity
 13536 | Swamp:4  | Learned a level 7 spell: Spellforged Servitor
 13740 | Swamp:4  | Reached XP level 17. HP: 161/164 MP: 25/37
 13791 | Swamp:4  | Noticed the 27-headed Lernaean hydra
 13795 | Swamp:4  | Killed the 27-headed Lernaean hydra
 13802 | Swamp:4  | Got a decaying rune of Zot
 14053 | Lair:3   | Found a hole to the Spider Nest.
 14065 | Lair:3   | Reached skill level 10 in Conjurations
 14085 | Spider:1 | Entered Level 1 of the Spider Nest
 14166 | Spider:1 | Noticed Nikola
 14196 | Spider:1 | Killed Nikola
 14461 | Spider:4 | Entered Level 4 of the Spider Nest
 14614 | Spider:4 | Found a runed translucent gate.
 14614 | Spider:4 | Found a runed translucent gate.
 14614 | Spider:4 | Found a runed translucent gate.
 14614 | Spider:4 | Noticed Wale's ghost (adept DrIE)
 14615 | Spider:4 | Noticed Daifof's ghost (adept MfFi)
 14663 | Spider:4 | Reached skill level 10 in Fighting
 14740 | Spider:4 | Killed Wale's ghost
 14743 | Spider:4 | Killed Daifof's ghost
 14816 | Spider:4 | Reached skill level 10 in Summonings
 15348 | Spider:4 | Got a gossamer rune of Zot
 15746 | Elf:1    | Entered Level 1 of the Elven Halls
 15820 | Elf:2    | Paralysed by an air elemental for 1 turns
 15836 | Elf:2    | Reached XP level 18. HP: 137/169 MP: 11/36
 15846 | Elf:2    | Learned a level 1 spell: Apportation
 15916 | Elf:2    | Acquired 572 gold pieces
 15921 | Elf:2    | Paralysed by an air elemental for 1 turns
 15946 | Elf:3    | Entered Level 3 of the Elven Halls
 15988 | Elf:3    | Noticed Iniera's ghost (adept GrFi)
 15989 | Elf:3    | Found a bloodstained altar of Trog.
 15990 | Elf:3    | Identified the amulet "Nig Taboy" {RegenMP rF++ Str-2
                  | Int+3}
 15995 | Elf:3    | Found a transporter.
 15999 | Elf:3    | Found a transporter.
 16083 | Elf:3    | Noticed Saint Roka
 16101 | Elf:3    | Killed Saint Roka
 16236 | Elf:3    | Reached skill level 15 in Summonings
 16338 | Elf:3    | HP: 3/221 [deep elf master archer/arrow (24)]
 16625 | Abyss:2  | Cast into level 2 of the Abyss (a deep elf sorcerer)
 16635 | Elf:3    | Escaped the Abyss
 16638 | Elf:3    | Reached skill level 1 in Necromancy
 16657 | Elf:3    | Identified the +8 dagger of Eribluif {elec, Fragile Str+4}
 16730 | Elf:3    | Identified the staff of conjuration "Aribygye" {Fragile
                  | rN++ Dex+3}
 16749 | Elf:3    | Identified the +3 whip of Zis Xil {distort, rN+ Str+5}
 16761 | Elf:3    | Noticed a Tzitzimitl
 16762 | Elf:3    | Noticed an Ice Fiend
 17024 | Elf:3    | Identified the +5 scimitar "Foaxzime" {freeze, rC+ Str+7}
 17027 | Elf:3    | Identified the staff of poison "Sell" {Fly rPois rCorr}
 17027 | Elf:3    | Identified the +4 short sword of Viplipt {flame, Str+3}
 17044 | Elf:3    | Identified the +5 whip "Cibolite" {protect, rElec rF++ rC+
                  | Str-5}
 17045 | Elf:3    | Identified the +2 plate armour of Puunav {Rampage}
 17045 | Elf:3    | Identified the +1 pair of gloves of the Golden Wumpus
                  | {Regen+}
 17139 | Elf:2    | Found a runed translucent gate.
 17139 | Elf:2    | Found a runed translucent gate.
 17141 | Elf:2    | Found a runed translucent gate.
 17154 | Elf:2    | Reached skill level 5 in Necromancy
 17224 | Elf:2    | Noticed Jorgrun
 17229 | Elf:2    | Paralysed by an air elemental for 1 turns
 17239 | Elf:2    | Killed Jorgrun
 17372 | Elf:1    | Learned a level 6 spell: Death Channel
 17389 | Elf:1    | Identified the Incunabulum of Mustering
 17682 | Slime:1  | Entered Level 1 of the Pits of Slime
 17754 | Slime:2  | Gained mutation: Your spells are a little easier to cast,
                  | but a little less powerful. [a shining eye]
 18143 | Slime:2  | Reached XP level 19. HP: 141/178 MP: 24/36
 18247 | Slime:5  | Entered Level 5 of the Pits of Slime
 18523 | Slime:5  | Found a viscous altar of Jiyva.
 18523 | Slime:5  | Noticed the Royal Jelly
 18523 | Slime:5  | Identified the +1 plate armour of Gozag's Regard {Contam
                  | Rampage Str+4 Dex+4}
 18523 | Slime:5  | Identified the +6 whip of Okawaru's Wrath {flame, rC- rN++
                  | Int+3 SInv}
 18561 | Slime:5  | Killed the Royal Jelly
 18594 | Slime:5  | Identified the +1 war axe "Eclej" {freeze, rC+ rN+ MP-9}
 18595 | Slime:5  | Identified the +0 chain mail of Dawn {Rampage Stlth+}
 18615 | Slime:5  | Identified the Incunabulum of Energy and Exhalation
 18649 | Slime:5  | Identified the amulet of Voluaz {Acrobat Str+3}
 18686 | Slime:5  | Got a slimy rune of Zot
 19039 | D:12     | Killed arthad's ghost
 19140 | Depths:1 | Entered Level 1 of the Depths
 19288 | Depths:1 | Found a gateway to Hell.
 19450 | Depths:2 | Reached skill level 1 in Air Magic
 19488 | Depths:2 | Reached skill level 2 in Air Magic
 19525 | Depths:1 | Noticed Bai Suzhen
 19541 | Depths:1 | Killed Bai Suzhen
 19542 | Depths:1 | Reached skill level 3 in Air Magic
 19574 | Depths:1 | Identified the -1 pair of boots "Lomidupp" {rF++ Will-
                  | Int+4}
 19626 | Depths:1 | Reached skill level 4 in Air Magic
 19670 | Depths:1 | Noticed the Enchantress
 19679 | Depths:1 | Killed the Enchantress
 19680 | Depths:1 | Reached skill level 5 in Air Magic
 19786 | Depths:2 | Reached skill level 6 in Air Magic
 19792 | Depths:2 | Reached XP level 20. HP: 192/192 MP: 16/40
 19878 | Depths:2 | Reached skill level 7 in Air Magic
 20025 | Depths:2 | Identified the staff of cold "Plog" {rC+ Str+4}
 20062 | Depths:2 | Reached skill level 8 in Air Magic
 20180 | Depths:2 | Found a one-way gate leading to the halls of Pandemonium.
 20205 | Depths:2 | Identified the +5 sling "Gaurchus" {antimagic, Int+3 Dex+3}
 20209 | Depths:2 | Identified the +1 robe of the Slorg {Int+3 Stlth+}
 20215 | Depths:2 | Identified the +4 dagger "Dragon's Tongue" {heavy, rC+++}
 20226 | Depths:2 | Reached skill level 9 in Air Magic
 20322 | Depths:2 | Learned a level 3 spell: Swiftness
 20350 | Depths:1 | Found Tulaumma Fysm's Self-Improvement Boutique.
 20387 | Depths:1 | Reached skill level 15 in Spellcasting
 20558 | Depths:3 | Found a one-way gateway to a ziggurat.
 20656 | Depths:3 | Reached ****** piety under Ashenzari
 20667 | Depths:3 | Learned a level 9 spell: Chain Lightning
 20680 | Depths:3 | Noticed Xtahua
 20690 | Depths:3 | Killed Xtahua
 20731 | Depths:3 | Noticed a golden dragon
 20743 | Depths:3 | Killed a golden dragon
 20802 | Depths:3 | Reached skill level 10 in Air Magic
 20944 | Depths:3 | Upgraded the game from 0.30-a0-948-g4fa250aae5 to
                  | 0.30-a0-949-g53dc5368d7
 21137 | Depths:3 | Reached skill level 11 in Air Magic
 21187 | Depths:3 | Noticed a golden dragon
 21192 | Depths:3 | Killed a golden dragon
 21310 | Depths:3 | Found Noagawei's General Store.
 21318 | Depths:3 | Bought a potion of lignification for 72 gold pieces
 21318 | Depths:3 | Bought a potion of magic for 192 gold pieces
 21321 | Depths:4 | Entered Level 4 of the Depths
 21326 | Depths:4 | Noticed a doom hound
 21327 | Depths:4 | Noticed Grunn
 21357 | Depths:4 | Noticed a juggernaut
 21364 | Depths:4 | Killed a juggernaut
 21431 | Depths:4 | Found a magical portal.
 21474 | WizLab   | Entered Lehudib's Moon Base
 21495 | WizLab   | Reached XP level 21. HP: 142/201 MP: 12/43
 21657 | WizLab   | Reached skill level 12 in Air Magic
 21717 | WizLab   | Paralysed by a great orb of eyes for 5 turns
 21821 | WizLab   | Identified the ring of Quruizech {rF+ Will- rCorr Int+4}
 22024 | WizLab   | Found a transporter.
 22116 | WizLab   | Found a transporter.
 22116 | WizLab   | Identified the +5 battleaxe "Giantbane" {venom, Contam
                  | Will+++ rCorr Dex-4}
 22116 | WizLab   | Identified the staff of air "Duaxut" {rElec rF+ rC+ Will-
                  | Dex+3}
 22216 | Depths:4 | Found a one-way gate to the infinite horrors of the Abyss.
 22229 | Depths:4 | Reached skill level 13 in Air Magic
 22273 | Depths:3 | Noticed Vv
 22384 | Vaults:1 | Entered Level 1 of the Vaults
 23020 | Vaults:3 | Reached skill level 14 in Air Magic
 23334 | Vaults:2 | Found a staircase to the Crypt.
 23429 | Vaults:1 | Reached XP level 22. HP: 203/207 MP: 30/44
 23973 | Vaults:4 | Reached skill level 15 in Conjurations
 23973 | Vaults:4 | Reached skill level 15 in Air Magic
 24455 | Vaults:5 | Entered Level 5 of the Vaults
 24562 | Vaults:5 | Noticed Boris
 24643 | Vaults:5 | Killed Boris
 24644 | Vaults:5 | Reached skill level 16 in Air Magic
 24724 | Vaults:5 | Identified the ring of Icaxed {rN+ MP+9 Int+3}
 24774 | Vaults:5 | Noticed Mara
 24776 | Vaults:5 | Noticed iguanaiguana's illusion
 24853 | Vaults:5 | Killed Mara
 24854 | Vaults:5 | Reached XP level 23. HP: 175/215 MP: 16/45
 25071 | Vaults:5 | Noticed Frederick
 25085 | Vaults:5 | Killed Frederick
 25086 | Vaults:5 | Reached skill level 17 in Air Magic
 25185 | Vaults:5 | Noticed a dread lich
 25191 | Vaults:5 | Paralysed by a dread lich for 2 turns
 25194 | Vaults:5 | Killed a dread lich
 25350 | Vaults:5 | Identified the Parchment of the Sweltering Spider
 25369 | Vaults:5 | Got a silver rune of Zot
 25409 | Vaults:5 | Identified the +11 quarterstaff of Domination {pain, rPois
                  | rN+ Str+2 Dex-3}
 25534 | Vaults:5 | Learned a level 4 spell: Passage of Golubria
 25651 | Vaults:5 | Identified the Almanac of Planar Transmogrification
 25670 | Vaults:5 | Identified the +5 shortbow of Deflation {antimagic, *Slow
                  | Str+4 Stlth+}
 25833 | Vaults:1 | Found Busypoichi's Magic Scroll Shop.
 25839 | Vaults:1 | Bought a scroll of fog for 64 gold pieces
 25839 | Vaults:1 | Bought a scroll of teleportation for 48 gold pieces
 25839 | Vaults:1 | Bought a scroll of vulnerability for 64 gold pieces
 26287 | Depths:3 | Reached skill level 15 in Fighting
 26335 | Zig:1    | Entered Level 1 of a ziggurat
 26378 | Zig:2    | Entered Level 2 of a ziggurat
 26389 | Zig:3    | Entered Level 3 of a ziggurat
 26389 | Zig:3    | Noticed Moifaxt the pandemonium lord
 26389 | Zig:3    | Identified the +7 storm dragon scales "Leep" {Harm rElec
                  | rPois Will++ Stlth-}
 26399 | Zig:3    | Killed Moifaxt the pandemonium lord
 26469 | Zig:4    | Entered Level 4 of a ziggurat
 26469 | Zig:4    | Noticed a juggernaut
 26479 | Zig:4    | Killed a juggernaut
 26512 | Zig:5    | Entered Level 5 of a ziggurat
 26513 | Zig:5    | Identified the ring of the Beloved God {rC++ rN+ Int+5
                  | Dex-2}
 26571 | Zig:6    | Entered Level 6 of a ziggurat
 26573 | Zig:6    | Noticed an ancient lich
 26583 | Zig:6    | Killed an ancient lich
 26634 | Zig:7    | Entered Level 7 of a ziggurat
 26641 | Zig:7    | Identified the +0 pair of gloves of a Gauntlet {rElec
                  | Dex+3}
 26641 | Zig:7    | Identified the +6 plate armour of the Unseen Realm {SInv}
 26695 | Zig:8    | Entered Level 8 of a ziggurat
 26700 | Zig:8    | Identified the +1 rapier "Vaodotim" {venom, rElec MP+9}
 26700 | Zig:8    | Identified the staff of fire "Jyinooriog" {+Blink rElec rF+
                  | rC+ rCorr}
 26701 | Zig:8    | Noticed a dread lich
 26705 | Zig:8    | Reached skill level 18 in Air Magic
 26705 | Zig:8    | Killed a dread lich
 26706 | Zig:8    | Reached XP level 24. HP: 230/240 MP: 27/47
 26790 | Zig:9    | Entered Level 9 of a ziggurat
 26960 | Zig:10   | Entered Level 10 of a ziggurat
 26965 | Zig:10   | Noticed a juggernaut
 26966 | Zig:10   | Identified the Monograph on Traumaturgy and Production
 26970 | Zig:10   | Killed a juggernaut
 27030 | Zig:11   | Entered Level 11 of a ziggurat
 27041 | Zig:11   | Identified the +4 halberd of the Orcish Mines {drain,
                  | Fragile Str+2 Stlth+}
 27099 | Zig:12   | Entered Level 12 of a ziggurat
 27107 | Zig:12   | Noticed a royal mummy
 27108 | Zig:12   | Noticed a royal mummy
 27108 | Zig:12   | Identified the amulet "Wugeurism" {Acrobat Drain rF+ Dex+2}
 27108 | Zig:12   | Noticed a royal mummy
 27110 | Zig:12   | Identified the +0 robe of Impressiveness {Will+ Str+3
                  | Int+2}
 27110 | Zig:12   | Identified the Writings on the Damned and the Impact
 27110 | Zig:12   | Identified the +0 leather armour "Rygioli" {Harm rF++ Will+
                  | Dex-3}
 27113 | Zig:12   | Killed a royal mummy
 27115 | Zig:12   | Killed a royal mummy
 27116 | Zig:12   | Reached skill level 19 in Air Magic
 27119 | Zig:12   | Killed a royal mummy
 27129 | Zig:12   | Identified the +1 scale mail of Utydir Gede {rF+ Str+3}
 27211 | Zig:13   | Entered Level 13 of a ziggurat
 27225 | Zig:13   | Found the +6 arbalest "Damnation" {damnation}
 27225 | Zig:13   | Identified the ring "Limytif" {rF+ rC- AC+4 Dex+4}
 27226 | Zig:13   | Identified the +6 broad axe of Patience {speed, rC+ Dex+2}
 27273 | Zig:14   | Entered Level 14 of a ziggurat
 27282 | Zig:14   | Noticed valliere's ghost (legendary DjCj)
 27287 | Zig:14   | Identified the staff of conjuration "Nipeullo" {rElec Int-3
                  | Dex+2}
 27287 | Zig:14   | Identified the ring of Vevowum {MP+9 EV+5 Stlth+}
 27290 | Zig:14   | Killed valliere's ghost
 27291 | Zig:14   | Identified the +0 pair of boots of Zin's Anger {Harm}
 27303 | Zig:14   | Reached skill level 20 in Air Magic
 27303 | Zig:14   | Reached XP level 25. HP: 240/240 MP: 33/45
 27303 | Zig:14   | Reached XP level 26. HP: 250/250 MP: 33/45
 27315 | Zig:15   | Entered Level 15 of a ziggurat
 27331 | Zig:15   | Identified the staff of death "Wisaulub" {rF+ rN+ Str-2
                  | Int+5}
 27331 | Zig:15   | Found the +2 pair of slick slippers {slick, slippery, EV+5}
 27332 | Zig:15   | Identified the +3 leather armour of Noon {+Inv rElec Regen+
                  | Dex+5}
 27332 | Zig:15   | Identified the staff of cold "Ycse" {*Corrode rPois rC+
                  | Str+3}
 27443 | Zig:15   | Reached skill level 10 in Fire Magic
 27443 | Zig:15   | Reached XP level 27. HP: 265/265 MP: 32/47
 27453 | Zig:15   | Learned a level 8 spell: Ignition
 27468 | Zig:16   | Entered Level 16 of a ziggurat
 27477 | Zig:16   | Noticed Umatat the pandemonium lord
 27478 | Zig:16   | Noticed Ginudgh the pandemonium lord
 27486 | Zig:16   | Killed Ginudgh the pandemonium lord
 27489 | Zig:16   | Noticed Sawaec Havikh the pandemonium lord
 27489 | Zig:16   | Noticed Jucuov the pandemonium lord
 27506 | Zig:16   | Noticed Cisal the pandemonium lord
 27512 | Zig:16   | Noticed Xuzyxe the pandemonium lord
 27512 | Zig:16   | Identified the +6 chain mail of Amerev {rElec rPois}
 27512 | Zig:16   | Identified the Incunabulum of Twisted Forms
 27512 | Zig:16   | Identified the staff of fire "Retemis" {rPois rF+ rC-
                  | Str+3}
 27512 | Zig:16   | Noticed Heesa the pandemonium lord
 27514 | Zig:16   | Noticed a dread lich
 27612 | Depths:4 | Found a gate to the Realm of Zot.
 27633 | Zot:1    | Entered Level 1 of the Realm of Zot
 27906 | Zot:1    | Lost mutation: Your mind is acute. (Int +4, Str/Dex -1)
                  | [potion of mutation]
 27906 | Zot:1    | Lost mutation: Your body sometimes deteriorates upon taking
                  | damage. [potion of mutation]
 27906 | Zot:1    | Lost mutation: Your skin changes colour to match your
                  | surroundings (Stealth+). [potion of mutation]
 27906 | Zot:1    | Lost mutation: Your spells are a little easier to cast, but
                  | a little less powerful. [potion of mutation]
 27906 | Zot:1    | Gained mutation: Your mind is acute. (Int +4, Str/Dex -1)
                  | [potion of mutation]
 27906 | Zot:1    | Gained mutation: You have sharp toenails. [potion of
                  | mutation]
 27906 | Zot:1    | Gained mutation: You are agile. (Dex +4, Str/Int -1)
                  | [potion of mutation]
 28182 | Depths:1 | Bought a manual of Armour for 1920 gold pieces
 28182 | Depths:1 | Bought a manual of Dodging for 1920 gold pieces
 28258 | Pan      | Entered Pandemonium
 28277 | Pan      | Upgraded the game from 0.30-a0-949-g53dc5368d7 to
                  | 0.30-a0-953-g5f1da4a474
 28344 | Pan      | Identified the +2 great mace "Melox" {freeze, rF- Int+4
                  | Dex+5}
 28349 | Pan      | Gained mutation: You do not regenerate when monsters are
                  | visible. [a cacodemon]
 28351 | Pan      | Gained mutation: Your spells are a little harder to cast,
                  | but a little more powerful. [a cacodemon]
 28369 | Pan      | Lost mutation: You do not regenerate when monsters are
                  | visible. [potion of mutation]
 28369 | Pan      | Lost mutation: You are agile. (Dex +4, Str/Int -1) [potion
                  | of mutation]
 28369 | Pan      | Lost mutation: Your mind is acute. (Int +4, Str/Dex -1)
                  | [potion of mutation]
 28369 | Pan      | Lost mutation: Your spells are a little harder to cast, but
                  | a little more powerful. [potion of mutation]
 28369 | Pan      | Lost mutation: You have sharp toenails. [potion of
                  | mutation]
 28369 | Pan      | Gained mutation: You occasionally lose the ability to drink
                  | potions when taking damage. [potion of mutation]
 28369 | Pan      | Gained mutation: You are frail. (-10% HP) [potion of
                  | mutation]
 28369 | Pan      | Gained mutation: You are dopey. (Int -2) [potion of
                  | mutation]
 28369 | Pan      | Gained mutation: You have a somewhat thin skeletal
                  | structure. (Dex +2, Stealth+) [potion of mutation]
 28369 | Pan      | Gained mutation: You are clumsy. (Dex -2) [potion of
                  | mutation]
 28369 | Pan      | Gained mutation: You are resistant to electric shocks.
                  | (rElec) [potion of mutation]
 28370 | Pan      | Lost mutation: You occasionally lose the ability to drink
                  | potions when taking damage. [potion of mutation]
 28370 | Pan      | Lost mutation: You are resistant to electric shocks.
                  | (rElec) [potion of mutation]
 28370 | Pan      | Lost mutation: You have a somewhat thin skeletal structure.
                  | (Dex +2, Stealth+) [potion of mutation]
 28370 | Pan      | Lost mutation: You are clumsy. (Dex -2) [potion of
                  | mutation]
 28370 | Pan      | Gained mutation: You are partially covered in iridescent
                  | scales. (AC +2) [potion of mutation]
 28370 | Pan      | Gained mutation: You are clumsy. (Dex -2) [potion of
                  | mutation]
 28370 | Pan      | Gained mutation: You have sharp toenails. [potion of
                  | mutation]
 28371 | Pan      | Lost mutation: You are frail. (-10% HP) [potion of
                  | mutation]
 28371 | Pan      | Lost mutation: You are partially covered in iridescent
                  | scales. (AC +2) [potion of mutation]
 28371 | Pan      | Lost mutation: You are clumsy. (Dex -2) [potion of
                  | mutation]
 28371 | Pan      | Lost mutation: You have sharp toenails. [potion of
                  | mutation]
 28371 | Pan      | Gained mutation: You have hidden genetic defects. [potion
                  | of mutation]
 28371 | Pan      | Gained mutation: Your tail ends in a venomous barb. [potion
                  | of mutation]
 28371 | Pan      | Gained mutation: You are clumsy. (Dex -2) [potion of
                  | mutation]
 28371 | Pan      | Gained mutation: You passively dampen the noise of your
                  | surroundings. [potion of mutation]
 28371 | Pan      | Lost mutation: You are dopey. (Int -2) [potion of mutation]
 28441 | Pan      | Reached skill level 5 in Dodging
 28455 | Pan      | Noticed Leoprud the pandemonium lord
 28636 | Pan      | Killed Leoprud the pandemonium lord
 28688 | Pan      | Reached skill level 5 in Armour
 28940 | Pan      | Found a runed translucent door.
 28945 | Pan      | Got a demonic rune of Zot
 28961 | Pan      | Noticed Ydafuq the pandemonium lord
 28966 | Pan      | Found an exit through the horrors of the Abyss.
 28970 | Pan      | Entered the realm of Gloorx Vloq.
 29118 | Pan      | Noticed Gloorx Vloq
 29121 | Pan      | Reached skill level 10 in Armour
 29129 | Pan      | Gained mutation: You are very clumsy. (Dex -4) [hidden
                  | defects]
 29228 | Pan      | Identified the +3 scale mail of the Known World {-Cast rC-
                  | Regen+ Str+7}
 29366 | Pan      | Reached skill level 10 in Stealth
 29481 | Pan      | Got a dark rune of Zot
 29529 | Pan      | Noticed Mennas
 29534 | Pan      | Killed Mennas
 29578 | Depths:2 | Escaped Pandemonium
 29580 | Pan      | Entered Pandemonium
 29669 | Pan      | Entered the realm of Cerebov.
 29914 | Pan      | Found the +6 sword of Cerebov {flame}
 29914 | Pan      | Noticed Cerebov
 29919 | Pan      | Gained mutation: You are weak. (Str -2) [hidden defects]
 29919 | Pan      | Lost mutation: You have hidden genetic defects. [hidden
                  | defects expressed]
 30117 | Pan      | Killed Cerebov
 30128 | Pan      | Got a fiery rune of Zot
 30141 | Pan      | Identified the +4 halberd of the Eight Mouths {elec, *Rage
                  | Str+3 Int+2 Dex+6}
 30144 | Pan      | Identified the +2 robe of Adoa {Dex+2 SInv}
 30148 | Pan      | Identified the +1 scimitar of the Butterfly {holy, +Blink}
 30149 | Pan      | Identified Woni's Omnibus of Glowing Freezing
 30150 | Pan      | Identified Sif Muna's Precepts of the Xenolith and the
                  | Spider
 30150 | Pan      | Identified the +4 ring mail "Qotobextu" {rC+ Dex+3}
 30168 | Pan      | Learned a level 8 spell: Lehudib's Crystal Spear
 30178 | Pan      | Identified the Excursus on Anthracomancy
 30182 | Pan      | Identified the +1 robe of Spring Thaw {Int+3}
 30327 | Pan      | Entered the realm of Lom Lobon.
 30338 | Pan      | Found an exit through the horrors of the Abyss.
 30476 | Pan      | Reached skill level 5 in Translocations
 30707 | Pan      | Noticed Lom Lobon
 30769 | Pan      | Got a magical rune of Zot
 30811 | Pan      | Entered the realm of Mnoleg.
 30840 | Pan      | Gained mutation: You are occasionally teleported next to
                  | monsters. [a neqoxec]
 30842 | Pan      | Gained mutation: You are vulnerable to cold. (rC-) [a
                  | neqoxec]
 30854 | Pan      | Lost mutation: You are occasionally teleported next to
                  | monsters. [potion of mutation]
 30854 | Pan      | Lost mutation: Your tail ends in a venomous barb. [potion
                  | of mutation]
 30854 | Pan      | Lost mutation: You are weak. (Str -2) [potion of mutation]
 30854 | Pan      | Lost mutation: You are vulnerable to cold. (rC-) [potion of
                  | mutation]
 30854 | Pan      | Gained mutation: Your system is resistant to poisons.
                  | (rPois) [potion of mutation]
 30854 | Pan      | Lost mutation: Your system is resistant to poisons. (rPois)
                  | [potion of mutation]
 30854 | Pan      | Gained mutation: Your system is resistant to poisons.
                  | (rPois) [potion of mutation]
 30854 | Pan      | Gained mutation: You are resistant to electric shocks.
                  | (rElec) [potion of mutation]
 30866 | Pan      | Gained mutation: You are dopey. (Int -2) [a neqoxec]
 30871 | Pan      | Gained mutation: You occasionally lose the ability to drink
                  | potions when taking damage. [a neqoxec]
 30878 | Pan      | Gained mutation: You occasionally lose the ability to read
                  | scrolls when taking damage. [a neqoxec]
 30915 | Pan      | Lost mutation: You are resistant to electric shocks.
                  | (rElec) [potion of mutation]
 30915 | Pan      | Lost mutation: You occasionally lose the ability to drink
                  | potions when taking damage. [potion of mutation]
 30915 | Pan      | Lost mutation: You are very clumsy. (Dex -4) [potion of
                  | mutation]
 30915 | Pan      | Lost mutation: You are clumsy. (Dex -2) [potion of
                  | mutation]
 30915 | Pan      | Gained mutation: You have sharp toenails. [potion of
                  | mutation]
 30915 | Pan      | Gained mutation: You sometimes lose your temper in combat.
                  | [potion of mutation]
 30915 | Pan      | Lost mutation: You occasionally lose the ability to read
                  | scrolls when taking damage. [potion of mutation]
 30915 | Pan      | Gained mutation: You are strong-willed. (Will+) [potion of
                  | mutation]
 30966 | Pan      | Noticed Mnoleg
 30975 | Pan      | Got a glowing rune of Zot
 30987 | Depths:2 | Escaped Pandemonium
 30988 | Depths:2 | Lost mutation: Your system is resistant to poisons. (rPois)
                  | [potion of mutation]
 30988 | Depths:2 | Lost mutation: You are dopey. (Int -2) [potion of mutation]
 30988 | Depths:2 | Lost mutation: You passively dampen the noise of your
                  | surroundings. [potion of mutation]
 30988 | Depths:2 | Lost mutation: You sometimes lose your temper in combat.
                  | [potion of mutation]
 30988 | Depths:2 | Lost mutation: You are strong-willed. (Will+) [potion of
                  | mutation]
 30988 | Depths:2 | Lost mutation: You have sharp toenails. [potion of
                  | mutation]
 30988 | Depths:2 | Gained mutation: You occasionally lose the ability to read
                  | scrolls when taking damage. [potion of mutation]
 30988 | Depths:2 | Gained mutation: You have hidden genetic defects. [potion
                  | of mutation]
 30988 | Depths:2 | Gained mutation: You are robust. (+10% HP) [potion of
                  | mutation]
 30989 | Depths:2 | Lost mutation: You have hidden genetic defects. [potion of
                  | mutation]
 30989 | Depths:2 | Lost mutation: You are robust. (+10% HP) [potion of
                  | mutation]
 30989 | Depths:2 | Lost mutation: You occasionally lose the ability to read
                  | scrolls when taking damage. [potion of mutation]
 30989 | Depths:2 | Gained mutation: Your spells are a little easier to cast,
                  | but a little less powerful. [potion of mutation]
 30989 | Depths:2 | Gained mutation: You are partially covered in iridescent
                  | scales. (AC +2) [potion of mutation]
 30989 | Depths:2 | Gained mutation: You expend magic power (3 MP) to
                  | strengthen your wands. [potion of mutation]
 30999 | Depths:2 | Learned a level 8 spell: Disjunction
 30999 | Depths:2 | Lost mutation: Your spells are a little easier to cast, but
                  | a little less powerful. [potion of mutation]
 30999 | Depths:2 | Lost mutation: You are partially covered in iridescent
                  | scales. (AC +2) [potion of mutation]
 30999 | Depths:2 | Lost mutation: You expend magic power (3 MP) to strengthen
                  | your wands. [potion of mutation]
 30999 | Depths:2 | Gained mutation: You occasionally lose the ability to drink
                  | potions when taking damage. [potion of mutation]
 30999 | Depths:2 | Gained mutation: You sometimes lose the ability to drink
                  | potions when taking damage. [potion of mutation]
 30999 | Depths:2 | Gained mutation: You are strong-willed. (Will+) [potion of
                  | mutation]
 31000 | Depths:2 | Lost mutation: You sometimes lose the ability to drink
                  | potions when taking damage. [potion of mutation]
 31000 | Depths:2 | Lost mutation: You occasionally lose the ability to drink
                  | potions when taking damage. [potion of mutation]
 31000 | Depths:2 | Lost mutation: You are strong-willed. (Will+) [potion of
                  | mutation]
 31000 | Depths:2 | Gained mutation: You are somewhat resistant to further
                  | mutation. [potion of mutation]
 31000 | Depths:2 | Gained mutation: You are vulnerable to heat. (rF-) [potion
                  | of mutation]
 31000 | Depths:2 | Gained mutation: Your mind is acute. (Int +4, Str/Dex -1)
                  | [potion of mutation]
 31000 | Depths:2 | Gained mutation: You are somewhat resistant to both further
                  | mutation and mutation removal. [potion of mutation]
 31000 | Depths:2 | Gained mutation: Your natural rate of healing is unusually
                  | fast. [potion of mutation]
 31048 | Depths:4 | Killed Grunn
 31053 | Depths:4 | Voluntarily entered the Abyss.
 31058 | Abyss:2  | Learned a level 2 spell: Sublimation of Blood
 31153 | Abyss:4  | Found a corrupted altar of Lugonu.
 31238 | Abyss:4  | Got an abyssal rune of Zot
 31277 | Depths:4 | Escaped the Abyss
 31325 | Depths:1 | Upgraded the game from 0.30-a0-953-g5f1da4a474 to
                  | 0.30-a0-956-gcec3b41aec
 31326 | Hell     | Entered the Vestibule of Hell
 31326 | Hell     | Noticed Geryon
 31335 | Hell     | Killed Geryon
 31396 | Hell     | Noticed Murray
 31427 | Hell     | Killed Murray
 31428 | Hell     | Reached skill level 10 in Translocations
 31446 | Depths:1 | Learned a level 8 spell: Disjunction
 31460 | Hell     | Found a gateway to the decaying netherworld of Tartarus.
 31469 | Tar:1    | Entered Level 1 of Tartarus
 31633 | Tar:3    | Reached skill level 15 in Armour
 31867 | Tar:7    | Entered Level 7 of Tartarus
 31931 | Tar:7    | Noticed an ancient lich
 31938 | Tar:7    | Killed an ancient lich
 31974 | Tar:7    | Noticed a dread lich
 31989 | Tar:7    | Killed a dread lich
 32044 | Tar:7    | Reached skill level 10 in Evocations
 32197 | Tar:7    | Reached skill level 10 in Dodging
 32210 | Tar:7    | Noticed Ereshkigal
 32273 | Tar:7    | Killed Ereshkigal
 32427 | Tar:7    | Got a bone rune of Zot
 32494 | Hell     | Found a gateway to the freezing wastes of Cocytus.
 32502 | Coc:1    | Entered Level 1 of Cocytus
 32641 | Coc:3    | Reached skill level 15 in Stealth
 32783 | Coc:5    | Paralysed by a wendigo for 1 turns
 32802 | Coc:6    | Paralysed by a wendigo for 1 turns
 32804 | Coc:7    | Entered Level 7 of Cocytus
 33148 | Coc:7    | Noticed Antaeus
 33167 | Coc:7    | Killed Antaeus
 33196 | Coc:7    | Got an icy rune of Zot
 33277 | Hell     | Found a gateway to the Iron City of Dis.
 33299 | Dis:1    | Entered Level 1 of the Iron City of Dis
 33462 | Dis:4    | Noticed a dread lich
 33478 | Dis:4    | Killed a dread lich
 33530 | Dis:5    | Noticed an ancient lich
 33530 | Dis:5    | Noticed an ancient lich
 33533 | Dis:5    | Killed an ancient lich
 33534 | Dis:5    | Killed an ancient lich
 33545 | Dis:5    | Noticed a dread lich
 33547 | Dis:5    | Killed a dread lich
 33760 | Dis:7    | Entered Level 7 of the Iron City of Dis
 33844 | Dis:7    | Noticed a juggernaut
 33849 | Dis:7    | Killed a juggernaut
 34136 | Dis:7    | Noticed the Serpent of Hell
 34142 | Dis:7    | Killed the Serpent of Hell
 34210 | Dis:7    | Noticed a juggernaut
 34221 | Dis:7    | Killed a juggernaut
 34228 | Dis:7    | Noticed a juggernaut
 34232 | Dis:7    | Killed a juggernaut
 34239 | Dis:7    | Identified the +4 shortbow "Zoowip" {flame, Dex+6}
 34455 | Dis:7    | Noticed Dispater
 34578 | Dis:7    | Identified the Commentary on Twisted Beckoning
 34578 | Dis:7    | Identified the ring "Orias" {Will+ Int+3 Dex+3 SInv}
 34585 | Dis:7    | Got an iron rune of Zot
 34588 | Dis:7    | Identified the +8 long sword of the Hidden Queens {flame,
                  | *Slow Will+++ Str+5 Stlth-}
 34615 | Hell     | Found a gateway to the ashen valley of Gehenna.
 34623 | Geh:1    | Entered Level 1 of Gehenna
 34845 | Geh:4    | Noticed an ancient lich
 35014 | Geh:6    | Reached skill level 21 in Air Magic
 35127 | Geh:7    | Entered Level 7 of Gehenna
 35297 | Geh:7    | Reached skill level 22 in Air Magic
 35387 | Geh:7    | Found the +7 sceptre of Asmodeus
 35387 | Geh:7    | Noticed Asmodeus
 35394 | Geh:7    | Killed Asmodeus
 35406 | Geh:7    | Identified the staff of fire "Rejackim" {rF+ Will++ rCorr
                  | Str-5}
 35406 | Geh:7    | Identified the Grimoire of Doom
 35406 | Geh:7    | Identified the +3 halberd of Tebuir {venom, rPois Int+5}
 35408 | Geh:7    | Got an obsidian rune of Zot
 35599 | Crypt:1  | Entered Level 1 of the Crypt
 35645 | Crypt:3  | Entered Level 3 of the Crypt
 35667 | Crypt:3  | Noticed Boris
 35676 | Crypt:3  | Killed Boris
 35700 | Crypt:3  | Reached skill level 15 in Fire Magic
 35721 | Crypt:3  | Found a staircase to the Tomb.
 35727 | Tomb:1   | Entered Level 1 of the Tomb of the Ancients
 35824 | Tomb:1   | Noticed a royal mummy
 35830 | Tomb:1   | Killed a royal mummy
 36061 | Tomb:2   | Noticed a royal mummy
 36062 | Tomb:2   | Noticed a royal mummy
 36062 | Tomb:2   | Noticed a royal mummy
 36065 | Tomb:2   | Killed a royal mummy
 36069 | Tomb:2   | Noticed a royal mummy
 36080 | Tomb:1   | Killed a royal mummy
 36148 | Tomb:2   | Killed a royal mummy
 36149 | Tomb:2   | Killed a royal mummy
 36280 | Tomb:1   | Noticed a royal mummy
 36284 | Tomb:1   | Killed a royal mummy
 36288 | Tomb:1   | Noticed a royal mummy
 36290 | Tomb:1   | Noticed a royal mummy
 36294 | Tomb:1   | Killed a royal mummy
 36308 | Tomb:1   | Killed a royal mummy
 36339 | Tomb:1   | Noticed a royal mummy
 36342 | Tomb:1   | Killed a royal mummy
 36365 | Tomb:1   | Noticed a royal mummy
 36370 | Tomb:1   | Killed a royal mummy
 36377 | Tomb:1   | Learned a level 4 spell: Dispel Undead
 36401 | Tomb:1   | Noticed a royal mummy
 36401 | Tomb:1   | Noticed a royal mummy
 36405 | Tomb:1   | Killed a royal mummy
 36405 | Tomb:1   | Killed a royal mummy
 36414 | Tomb:1   | Noticed a royal mummy
 36418 | Tomb:1   | Killed a royal mummy
 36426 | Tomb:1   | Noticed a royal mummy
 36432 | Tomb:1   | Killed a royal mummy
 36490 | Tomb:1   | Noticed a royal mummy
 36495 | Tomb:1   | Killed a royal mummy
 36500 | Tomb:1   | Noticed a royal mummy
 36503 | Tomb:1   | Noticed a royal mummy
 36507 | Tomb:1   | Killed a royal mummy
 36508 | Tomb:1   | Killed a royal mummy
 36523 | Tomb:1   | Noticed a royal mummy
 36537 | Tomb:1   | Killed a royal mummy
 36559 | Tomb:1   | Noticed a royal mummy
 36564 | Tomb:1   | Killed a royal mummy
 36605 | Tomb:1   | Noticed a royal mummy
 36609 | Tomb:1   | Killed a royal mummy
 36664 | Tomb:1   | Noticed a royal mummy
 36670 | Tomb:1   | Killed a royal mummy
 36737 | Tomb:1   | Noticed a royal mummy
 36739 | Tomb:1   | Killed a royal mummy
 36750 | Tomb:1   | Noticed a royal mummy
 36756 | Tomb:1   | Killed a royal mummy
 36900 | Tomb:3   | Entered Level 3 of the Tomb of the Ancients
 36908 | Tomb:3   | Noticed a royal mummy
 36908 | Tomb:3   | Noticed a royal mummy
 36909 | Tomb:3   | Identified the Omnibus of the Shadowy Gestalt
 36915 | Tomb:3   | Identified the ring "Enkoss" {Ice Int+4}
 36915 | Tomb:3   | Identified the +4 leather armour "Boss" {rC- Will+ Slay+2}
 36915 | Tomb:3   | Identified the +0 leather armour of the Guild-Master {Str+3
                  | Int-2 Stlth+}
 36915 | Tomb:3   | Identified the Spellbook of Foul Superposition
 36918 | Tomb:3   | Killed a royal mummy
 36918 | Tomb:3   | Killed a royal mummy
 36918 | Tomb:3   | HP: 8/362 [something (27)]
 36918 | Tomb:3   | HP: 2/362 [bennu (9)]
 36919 | Tomb:3   | Slain by a bennu

Illustrated notes

Levels and vault maps discovered:
D:1:      dpeg_chamrin_arrival_tetris, layout_basic
D:2:      layout_loops_ring, hex_tiny
D:3:      layout_rooms, gammafunk_temple_overflow_pools,
          nicolae_ecumenical_snake_handling, uniq_terence,
          uniq_crazy_yiuf_cottage
D:4:      layout_loops_ring, mainiacjoe_overflow_boulevard,
          grunt_temple_overflow_diamond, mainiacjoe_overflow_cross_hatched,
          uniq_eustachio
D:5:      layout_basic, nemelex_spade_bored_becter,
          yredelemnul_forgotten_temple_becter, temple_statues,
          gammafunk_ghost_stat_death, uniq_sigmund
D:6:      layout_cave_pods, trog_three_pillars_becter
D:7:      layout_cave_pods, uniq_menkaure, uniq_prince_ribbit1
D:8:      layout_basic, grunt_qazlal_clouds, abandoned_shop,
          ebering_dispersal_statue_hall
D:9:      layout_loops_ring, kennysheep_mini, amcnicky_altar_gilded,
          dpeg_oklobed_lair, kennysheep_generic_room_13
D:10:     layout_grid_maze, orc_0_dummy, enter_bailey_2,
          serial_co_window_serial, co_window_paths_a, co_window_corner_a,
          co_window_of_opportunity_a, co_window_of_opportunity_a,
          co_window_corner_a, co_window_paths_a, co_window_unsneaky_path_c,
          co_window_of_opportunity_b, co_window_broadway_c,
          co_window_broadway_c, glass_columns_a, glass_columns_a,
          glass_columns_b, glass_columns_c, glass_columns_c,
          eino_small_chamber_without_monster, hive_lemuel
D:11:     cheibrodos_wizards_tower, layout_irregular_city,
          minmay_misc_feat_tower, uniq_nergalle
D:12:     layout_roguey, ebering_ghost_inner_flame, hangedman_decor_opposing,
          uniq_frances
D:13:     layout_rooms, gauntlet_entry_generic
D:14:     layout_basic, skrybe_vaults_entry_preservation,
          palyth_stone_intersect, nicolae_trove_entry_crossroad,
          hangedman_parallel_progression, uniq_lodul
D:15:     grunt_enter_depths_hoard, layout_irregular_city,
          minmay_misc_feat_cross, minmay_shop_mass, uniq_roxanne, uniq_kirke
Lair:1:   minmay_guarded_unrand_snakebite, layout_chaotic_city,
          grunt_megastairs_2
Lair:2:   layout_misc_corridors, palyth_hydra_swamp_entry, serial_bayou_shore_b,
          grunt_megastairs_4, serial_bayou_shore_b
Lair:3:   layout_cellular_growth, spider_nest_entry_funnel_web,
          grunt_megastairs_5, uniq_josephine
Lair:4:   layout_cave_shapes, chequers_serial_rivers_micro_e,
          minmay_lair_drake_nest, serial_bayou_shore_b,
          infiniplex_staircase_pool_2
Lair:5:   evilmike_catoblepas_cave, layout_gridlike,
          nicolae_slime_entry_slimehenge, lemuel_fruit_tree
Swamp:1:  layout_basic_swamp, nicolae_swamp_feature_on_the_river_bank
Swamp:2:  layout_basic_swamp, evilmike_swamp_ruin_house_6
Swamp:3:  layout_falls_marsh, evilmike_swamp_ruin_house_2, swamp_pool5,
          infiniplex_staircase_pool
Swamp:4:  grunt_swamp_rune_castle, layout_basic_swamp, swamp_pool5,
          evilmike_swamp_ruin_house_1, nicolae_swamp_big_swirl
Spider:1: layout_cave_pods, uniq_nikola
Spider:2: layout_cave_pods
Spider:3: layout_chambers, nicolae_spider_scorpion_nest
Spider:4: guppyfry_spider_rune, gammafunk_ghost_cemetery
Slime:1:  cheibrodos_slime_lost_civilization_3, layout_caves
Slime:2:  layout_caves
Slime:3:  nicolae_slime_jelly_donut, layout_caves
Slime:4:  layout_caves
Slime:5
Orc:1:    layout_diamond_mine, uniq_harold, uniq_sonja, uniq_urug, uniq_maurice,
          uniq_erica
Orc:2:    hellmonk_orc_salted, layout_caves, lemuel_statue_altar, uniq_erolcha
Elf:1:    elf_arrival_001, layout_onion_city, minmay_elf_demonology
Elf:2:    nicolae_elf_blades_splatter_lattice
          [nicolae_blade_entry_area_security], layout_loops_cross, uniq_jorgrun,
          uniq_louise
Elf:3:    minmay_elf_hall_x, layout_onion_city,
          gammafunk_ghost_wrathful_warriors, grunt_ministairs_13,
          uniq_saint_roka
Vaults:1: hangedman_vaults_maws, grunt_vaults_hallway_long,
          vaults_mumra_minichess_inversion, vaults_dpeg_diagonal, v_pattern_2,
          nicolae_vaults_branching_niches, nicolae_vaults_little_squares_6,
          ontoclasm_vaults_eye, nicolae_vaults_big_ls,
          nicolae_vaults_diagonal_hallway_7, nicolae_vaults_little_squares_2,
          layout_vaults_maze_bifur, serial_shops, shop
Vaults:2: nicolae_vaults_ring_of_whatevers, vaults_room_fours,
          minmay_crypt_entry_simple_walls, vaults_dpeg_spiral,
          hangedman_vaults_nodes, v_misc_19, nicolae_vaults_stairing_the_circle,
          v_alt_pattern_6, hangedman_vaults_stretched_pinwheel, v_misc_30,
          vaults_dpeg_encased_lava, layout_vaults_big_room
Vaults:3: v_alt_pattern_3, nicolae_vaults_circle_grid_a,
          vaults_standard_mumra_x, nicolae_vaults_little_squares_5, v_misc_32,
          nicolae_vaults_rhombus_7, layout_vaults_quadrants, serial_shops,
          shop_fountains
Vaults:4: nicolae_vaults_fighting_squares, vaults_mumra_chevron, v_misc_3,
          vaults_room_door_ring, hangedman_vaults_stitches, v_rooms_2,
          v_misc_33, nicolae_vaults_theta, vaults_room_grid, v_pattern_3,
          v_misc_18, hangedman_vaults_stretched_pinwheel, vaults_dpeg_hooks,
          layout_vaults_ring
Vaults:5: uniq_mara, uniq_boris, uniq_frederick
Crypt:1:  layout_basic
Crypt:2:  layout_chaotic_city, skrybe_necro_troll_2
Crypt:3:  church_of_pain_bobbens, layout_chaotic_city, tomb_entry_shell_bobbens,
          serial_glass, glass_columns_c, glass_columns_c, glass_columns_a,
          glass_columns_b, glass_columns_c, glass_columns_c, glass_columns_c,
          glass_columns_c, glass_columns_b, glass_columns_b, glass_columns_a,
          glass_columns_b, glass_columns_a, glass_columns_a
Tomb:1
Tomb:2
Tomb:3
Depths:1: layout_cave_shapes, hell_entry, st_stairs_10,
          kennysheep_pointless_box, nicolae_shop_self_help,
          infiniplex_staircase_pool_lava, firewood_loft, uniq_enchantress,
          uniq_bai_suzhen
Depths:2: nicolae_terramorphic_expanse [nicolae_terramorphic_quarter,
          nicolae_terramorphic_quarter, nicolae_terramorphic_quarter,
          nicolae_terramorphic_quarter, nicolae_terramorphic_quarter,
          nicolae_terramorphic_biome, nicolae_terramorphic_biome,
          nicolae_terramorphic_biome, nicolae_terramorphic_biome],
          layout_honeycomb, pan_entry, hangedman_coc_ice_floe,
          chequers_serial_rivers_marsh, dk_noncrumbling_3,
          minmay_staircase_windowed_large
Depths:3: minmay_imperfect_grid, layout_gridlike, enter_ziggurat_b,
          small_statue_intersection, serial_shops, nicolae_stop_n_shop_1,
          abyss_entry_glasseish, hell_entry, minmay_staircase_bubble, uniq_vv,
          uniq_xtahua
Depths:4: grunt_zot_entry_pinwheel, layout_basic, grunt_pan_entry_spiral,
          infiniplex_enter_wizlab_glasses, abyss_entry, hell_entry, uniq_grunn
Hell
Dis:1:    layout_gridville
Dis:2:    layout_gridville
Dis:3:    layout_gridville
Dis:4:    layout_jigsaw, nicolae_dis_grated_feature
Dis:5:    hangedman_dis_decor_blocks_talon, layout_regular_city,
          nicolae_dis_liches_on_tour
Dis:6:    layout_jigsaw
Dis:7:    dis_grunt_layers
Geh:1:    layout_gehenna_pools_basic
Geh:2:    layout_gehenna_pools_basic
Geh:3:    layout_gehenna_pools_basic, gehenna_fire_generator,
          hangedman_elemental_grid_stream
Geh:4:    layout_gehenna_pools_box
Geh:5:    layout_gehenna_pools_basic
Geh:6:    nicolae_geh_realm_of_the_lava_sea
Geh:7:    geh_grunt_pentagon
Coc:1:    layout_cocytus_delve
Coc:2:    layout_ice_bergs
Coc:3:    layout_cocytus_water_paths
Coc:4:    layout_cocytus_delve
Coc:5:    layout_cocytus_delve, nicolae_hells_seeping_fissure
Coc:6:    layout_ice_bergs
Coc:7:    coc_old
Tar:1:    layout_grid_maze
Tar:2:    layout_catacombs
Tar:3:    layout_cathedral_of_symmetry, nicolae_hells_fiendish_ambush
Tar:4:    layout_honeycomb
Tar:5:    layout_grid_maze
Tar:6:    layout_grid_maze
Tar:7:    tar_grunt_cathedral
Zot:1:    layout_onion_interference

Skill      XL: |  1  2  3  4  5  6  7  8  9 10 11 12 13 14 15 16 17 18 19 20 21 22 23 24 25 26 27 |
---------------+----------------------------------------------------------------------------------+-----
Earth Magic    | 3 4 8 10 | 10.8
Spellcasting   | 2 3 4 6 8 10 11 14 16 20 | 20.8
Transmutations | 2 9 11 | 11.0
Conjurations   | 2 4 6 7 8 9 11 14 16 18 20 | 20.9
Fire Magic     | 3 5 10 20 | 20.6
Fighting       | 5 6 7 9 10 11 13 16 21 | 21.0
Armour         | 3 4 16 | 16.5
Dodging        | 4 11 | 11.5
Stealth        | 3 6 15 | 15.6
Evocations     | 3 5 10 | 10.5
Throwing       | 4 |  4.0
Axes           | 3 |  3.9
Translocations | 2 12 | 12.3
Shields        | 8 |  8.8
Polearms       | 4 |  4.5
Summonings     | 7 13 15 | 15.0
Necromancy     | 7 8 |  8.1
Air Magic      | 6 11 14 16 18 20 22 | 22.7

Action                     |  1- 3 |  4- 6 |  7- 9 | 10-12 | 13-15 | 16-18 | 19-21 | 22-24 | 25-27 || total
---------------------------+-------+-------+-------+-------+-------+-------+-------+-------+-------++-------
  Melee: Unarmed           |    23 |       |       |       |       |       |       |       |       ||    23
         Tailslap          |    11 |     6 |     8 |    63 |   123 |    36 |    37 |    27 |    60 ||   371
         Short sword       |    25 |       |       |       |       |       |       |       |       ||    25
         Quarterstaff      |     8 |       |       |       |       |       |       |       |       ||     8
         Punch             |     1 |       |     1 |       |       |       |       |       |       ||     2
         Trident           |       |    42 |       |       |   337 |   137 |   120 |       |       ||   636
         Hand axe          |       |    23 |    54 |   299 |   188 |       |       |       |       ||   564
         Rapier            |       |       |       |       |     2 |       |       |       |       ||     2
         Staff             |       |       |       |       |       |     1 |    35 |   131 |   249 ||   416
         Kick              |       |       |       |       |       |       |       |       |     6 ||     6
   Fire: Sling             |       |       |       |       |     2 |   287 |    83 |       |       ||   372
  Throw: Dart              |       |     2 |     7 |    32 |    14 |     3 |     1 |       |     2 ||    61
         Throwing net      |       |       |       |     4 |     2 |       |       |       |       ||     6
         Boomerang         |       |       |       |       |     9 |    15 |       |       |       ||    24
   Cast: Sandblast         |    34 |    33 |    37 |    10 |       |       |       |       |       ||   114
         Passwall          |     2 |     1 |    10 |    21 |    14 |    37 |    37 |     3 |    46 ||   171
         Stone Arrow       |       |     3 |     2 |     4 |     5 |       |       |       |       ||    14
         Flame Wave        |       |       |    11 |    47 |    94 |    38 |     3 |       |       ||   193
         Sticky Flame      |       |       |     7 |    45 |    90 |    66 |     8 |       |       ||   216
         Iron Shot         |       |       |       |     1 |    30 |   207 |   235 |    55 |    36 ||   564
         Statue Form       |       |       |       |       |       |    17 |     7 |     2 |    56 ||    82
         Spellforged Servi |       |       |       |       |       |    94 |    94 |    35 |    82 ||   305
         Blink             |       |       |       |       |       |     1 |     1 |       |     2 ||     4
         Apportation       |       |       |       |       |       |     9 |    38 |    22 |    20 ||    89
         Death Channel     |       |       |       |       |       |     6 |    49 |    23 |     4 ||    82
         Chain Lightning   |       |       |       |       |       |       |    10 |   122 |   493 ||   625
         Passage of Golubr |       |       |       |       |       |       |       |     3 |   268 ||   271
         Sublimation of Bl |       |       |       |       |       |       |       |       |   439 ||   439
         Ignition          |       |       |       |       |       |       |       |       |   185 ||   185
         Lehudib's Crystal |       |       |       |       |       |       |       |       |   146 ||   146
         Swiftness         |       |       |       |       |       |       |       |       |     2 ||     2
 Invoke: Curse Item        |     1 |     3 |     2 |     3 |     4 |     4 |     4 |     2 |     4 ||    27
         Shatter the Chain |       |     1 |       |     1 |     3 |     5 |     2 |     3 |     2 ||    17
Ability: End Transformatio |       |       |       |       |       |    11 |     3 |     1 |    48 ||    63
  Evoke: Wand              |       |     1 |       |     7 |     9 |    24 |     4 |     3 |    16 ||    64
         Lightning rod     |       |       |       |       |       |     7 |     2 |       |     1 ||    10
         Phial of floods   |       |       |       |       |       |     2 |       |       |       ||     2
         Phantom mirror    |       |       |       |       |       |     1 |       |     1 |     6 ||     8
         Box of beasts     |       |       |       |       |       |     1 |       |       |     3 ||     4
         Condenser vane    |       |       |       |       |       |       |     7 |     2 |     1 ||    10
         Tin of tremorston |       |       |       |       |       |       |     6 |     2 |     4 ||    12
    Use: Potion            |     1 |     1 |       |     1 |     6 |    11 |     5 |    13 |    61 ||    99
         Scroll            |       |     7 |     3 |     6 |     7 |    18 |    11 |     8 |    40 ||   100
   Stab: Sleeping          |     7 |    10 |     3 |     8 |    11 |     6 |     1 |     2 |     1 ||    49
         Distracted        |       |       |     1 |     1 |     3 |     1 |     2 |     1 |       ||     9
         Invisible         |       |       |       |     1 |       |       |       |       |       ||     1
         Confused          |       |       |       |       |       |     1 |       |       |       ||     1
         Petrified         |       |       |       |       |       |       |     1 |       |     2 ||     3
 Armour: Robe              |    18 |    55 |   102 |   106 |       |       |       |       |       ||   281
         Troll leather arm |       |       |       |   185 |   579 |   332 |   210 |   207 |   615 ||  2128
         Skin              |       |       |       |       |       |   113 |    39 |    41 |   594 ||   787
  Dodge: Dodged            |    23 |    27 |    46 |   234 |   262 |   193 |   117 |   128 |   596 ||  1626
  Block: Kite shield       |       |       |       |       |   424 |   352 |    71 |       |       ||   847
         Buckler           |       |       |       |       |       |       |    84 |   125 |   490 ||   699
         Reflection        |       |       |       |       |       |       |     7 |    20 |    18 ||    45

Table legend: (Time is in decaauts)
 A = Elapsed time spent in this place.
 B = Non-inter-level travel time spent in this place.
 C = Inter-level travel time spent in this place.
 D = Time resting spent in this place.
 E = Time spent auto-exploring this place.
 F = Levels seen in this place.
 G = Mean time per level.
                   A        B        C        D        E       F      G
               +--------+--------+--------+--------+--------+-----+--------+
         Total |  38743 |  35590 |   3153 |   1836 |     85 | 119 |  325.6 |
       Dungeon |   9483 |   8005 |   1478 |    126 |      0 |  15 |  632.2 |
          Lair |   2123 |   1827 |    296 |      0 |      0 |   5 |  424.6 |
         Swamp |   1500 |   1348 |    152 |      0 |      0 |   4 |  375.0 |
   Spider Nest |   1490 |   1450 |     40 |      0 |      0 |   4 |  372.5 |
    Slime Pits |   1149 |   1078 |     71 |      0 |      0 |   5 |  229.8 |
  Orcish Mines |   1847 |   1579 |    268 |    153 |      0 |   2 |  923.5 |
   Elven Halls |   1818 |   1689 |    129 |      0 |      0 |   3 |  606.0 |
        Vaults |   3852 |   3411 |    441 |      0 |      0 |   5 |  770.4 |
         Crypt |    142 |    142 |      0 |      9 |      0 |   3 |   47.3 |
          Tomb |   1442 |   1442 |      0 |    253 |     42 |   3 |  480.7 |
        Depths |   3328 |   3050 |    278 |     59 |      0 |   4 |  832.0 |
          Hell |    162 |    162 |      0 |      0 |      0 |   1 |  162.0 |
           Dis |   1300 |   1300 |      0 |    226 |      0 |   7 |  185.7 |
       Gehenna |    877 |    877 |      0 |     68 |      0 |   7 |  125.3 |
       Cocytus |    875 |    875 |      0 |    113 |      0 |   7 |  125.0 |
      Tartarus |   1193 |   1193 |      0 |     85 |      0 |   7 |  170.4 |
           Zot |    501 |    501 |      0 |     53 |      0 |   1 |  501.0 |
         Abyss |    283 |    283 |      0 |      0 |      0 |   4 |   70.8 |
   Pandemonium |   2839 |   2839 |      0 |    271 |      0 |  13 |  218.4 |
      Ziggurat |   1206 |   1206 |      0 |    402 |     43 |  16 |   75.4 |
        Bailey |    363 |    363 |      0 |     17 |      0 |   1 |  363.0 |
        Wizlab |    667 |    667 |      0 |      0 |      0 |   1 |  667.0 |
      Gauntlet |    291 |    291 |      0 |      0 |      0 |   1 |  291.0 |
               +--------+--------+--------+--------+--------+-----+--------+

Top non-repeatable levels by time:
Vaults:5: 1294 daAuts
   Elf:3: 1219 daAuts
   Orc:2: 1189 daAuts
  Tomb:1: 1174 daAuts
    D:10: 1117 daAuts
Depths:3: 1075 daAuts
Depths:2: 1039 daAuts
    D:14: 993 daAuts
Vaults:4: 967 daAuts
   Dis:7: 838 daAuts
  Lair:5: 816 daAuts
Depths:1: 795 daAuts
     D:8: 755 daAuts
Spider:4: 695 daAuts
     D:9: 693 daAuts
